Workbook
Name \AUTOEXEC: #REF!
Name \AUTOEXEC: #REF!
Name \AUTOEXEC: #REF!
Name \AUTOEXEC: #REF!
Name \AUTOEXEC: #REF!
Name \AUTOEXEC: #REF!
Name \AUTOEXEC_14: #N/A
Name \AUTOEXEC_14: "#n"/Геофизика!a
Name \AUTOEXEC_14: "#n"/ИЭИ!a
Name \AUTOEXEC_14: #N/A
Name \AUTOEXEC_14: #N/A
Name \AUTOEXEC_14: #N/A
Name \AUTOEXEC_14: "#n"/[0]!a
Name \k: #REF!
Name \k: #REF!
Name \k: #REF!
Name \k: #REF!
Name \k: #REF!
Name \k_14: #N/A
Name \k_14: "#n"/Геофизика!a
Name \k_14: "#n"/ИЭИ!a
Name \k_14: #N/A
Name \k_14: #N/A
Name \k_14: #N/A
Name \k_14: "#n"/[0]!a
Name \m: #REF!
Name \m: #REF!
Name \m: #REF!
Name \m: #REF!
Name \m: #REF!
Name \m_14: #N/A
Name \m_14: "#n"/Геофизика!a
Name \m_14: "#n"/ИЭИ!a
Name \m_14: #N/A
Name \m_14: #N/A
Name \m_14: #N/A
Name \m_14: "#n"/[0]!a
Name \m1: #N/A
Name \m1_14: "#REF!"
Name \n: #N/A
Name \s: #REF!
Name \s: #REF!
Name \s: #REF!
Name \s: #REF!
Name \s: #REF!
Name \s_14: #N/A
Name \s_14: "#n"/Геофизика!a
Name \s_14: "#n"/ИЭИ!a
Name \s_14: #N/A
Name \s_14: #N/A
Name \s_14: #N/A
Name \s_14: "#n"/[0]!a
Name \z: #REF!
Name \z: #REF!
Name \z: #REF!
Name \z: #REF!
Name \z: #REF!
Name \z_14: #N/A
Name \z_14: "#n"/Геофизика!a
Name \z_14: "#n"/ИЭИ!a

Sheet Сводная
K1: Приложение №1
K2: к ПНМЦД
A6: Сводная смета
A7: на выполнение проектно-изыскательских работ с их сопровождением при прохождении экспертизы по объекту: "Реконструкция газопровода низкого давления по адресу: г. Москва , ЮЗАО, Б.Черемушкинская ул. , д. 20, к. 1-ул. Кржижановского, д. 23, к.6"
B9: Наименование проектной (изыскательской) организации
B12: Наименование организации заказчика | H12: АО "МОСГАЗ"
B14: Стадийность проектирования | H14: Проектная и рабочая документация
A16: Составлена в ценах 2000 с коэфф. пересчета на 4 квартал 2025 года , в соответствии с Приложением к приказу Москомэкспертизы от 26.12.2024г. № МКЭ-ОД/24-185
A17: Смета №1 составлена с применением Сборника 4.2 «Инженерные сети и сооружения. МРР-4.2.04-22», утвержденного и введенного в действие приказом Москомэкспертизы от 26.12.2022 № МКЭ-ОД/22-121, с коэфф. пересчета на 4 квартал 2025 года в соответствии с Приложением к приказу Москомэкспертизы от 26.12.2024г. № МКЭ-ОД/24-185
A18: Смета №2 составлена с применением Сборника 4.9 «Объекты газооборудования и газоснабжения. МРР-4.9.02-22», утвержденного и введенного в действие приказом Москомэкспертизы от 29.09.2022 № МКЭ-ОД/22-83, Сборника 4.2 «Инженерные сети и сооружения. МРР-4.2.04-22», утвержденного и введенного в действие приказом Москомэкспертизы от 26.12.2022 № МКЭ-ОД/22-121, с коэфф. пересчета на 4 квартал 2025 года в соответствии с Приложением к приказу Москомэкспертизы от 26.12.2024г. № МКЭ-ОД/24-185
A19: Смета №3 составлена на основании Сборника цен на изыскательские работы для капитального строительства, утвержденного постановлением Госстроя СССР от 16.07.1981 № 121 с учетом дополнений, утвержденных постановлением Госстроя СССР от 01.03.1990 № 22, с коэфф. пересчета на 1 квартал 2025 года по Приложению к Письму Минстроя России от Письмо Минстроя России № 5170-ИФ/09 от 01.02.2025; Сборника 3.1 «Инженерно-геодезические изыскания. МРР-3.1.02-23», утвержден и введен в действие приказом Комитета города Москвы по ценовой политике в строительстве и государственной экспертизе проектов от 29 декабря 2023 г. № МКЭ-ОД/23-155., с коэфф. пересчета на 4 квартал 2025 года, в соответствии с Приложением к приказу Москомэкспертизы от 26.12.2024г. № МКЭ-ОД/24-185
A20: Смета №4 составлена с применением Сборника 6.6 «Проекты организации дорожного движения. МРР-6.6.02-21»,Сборник утвержден и введен в действие приказом Комитета города Москвы по ценовой политике в строительстве и государственной экспертизе проектов от 30 июня 2021 г. № МКЭ-ОД/21-52, с коэфф. пересчета на 4 квартал 2025 года, в соответствии с Приложением к приказу Москомэкспертизы от 26.12.2024г. № МКЭ-ОД/24-185
A21: Смета №5 составлена с применением Сборника 6.1 «Мероприятия по охране окружающей среды. МРР-6.1.02-19», утвержденного и введенного в действие приказом Москомэкспертизы от 28.06.2019 № МКЭ-ОД/19-41, с коэфф. пересчета на 4 квартал 2025 года в соответствии с Приложением к приказу Москомэкспертизы от 26.12.2024г. № МКЭ-ОД/24-185
A22: Смета №6 составлена с применением Сборника 7.1 «Комплексное благоустройство территорий, крыш зданий и других искусственных оснований. МРР-7.1.03-21», утвержденного и введенного в действие приказом Москомэкспертизы от 31.03.2021 № МКЭ-ОД/21-30, с коэфф. пересчета на 4 квартал 2025 года в соответствии с Приложением к приказу Москомэкспертизы от 26.12.2024г. № МКЭ-ОД/24-185
A23: Смета №7 составлена с применением Сборник 3.3 «Инженерно-экологические изыскания. МРР-3.3.02-23», утвержденного и введенного в действие приказом Москомэкспертизы от 25.12.2023 № МКЭ-ОД/23-149, с коэфф. пересчета на 4 квартал 2025 года в соответствии с Приложением к приказу Москомэкспертизы от 26.12.2024г. № МКЭ-ОД/24-185
A24: Смета №8 составлена с применением Сборника 6.1 «Мероприятия по охране окружающей среды. МРР-6.1.02-19», утвержденного и введенного в действие приказом Москомэкспертизы от 28.06.2019 № МКЭ-ОД/19-41, с коэфф. пересчета на 4 квартал 2025 года в соответствии с Приложением к приказу Москомэкспертизы от 26.12.2024г. № МКЭ-ОД/24-185
A25: Смета №9 составлена с применением Сборника 6.2 «Мероприятия по обеспечению пожарной безопасности. МРР-6.2.03-22», утвержденного и введенного в действие приказом Москомэкспертизы от 15.06.2022 № МКЭ-ОД/22-49, с коэфф. пересчета на 4 квартал 2025 года в соответствии с Приложением к приказу Москомэкспертизы от 26.12.2024г. № МКЭ-ОД/24-185
A26: Смета №.9.1 составлена с применением Сборника 9.1 «Методика расчета стоимости проектных, научных, нормативно-методических и других видов работ (услуг) на основании нормируемых трудозатрат. МРР-9.1.02-18», утвержденного и введенного в действие приказом Москомэкспертизы от 26.12.2018 № МКЭ-ОД/18-74, с коэфф. пересчета на 4 квартал 2025 года в соответствии с Приложением к приказу Москомэкспертизы от 26.12.2024г. № МКЭ-ОД/24-185
A27: Смета №10 составлена с применением Сборника 3.2 «Инженерно-геологические изыскания. МРР-3.2.02-23», утвержденного и введенного в действие приказом Москомэкспертизы от 29.12.2023 № МКЭ-ОД/23-156, с коэфф. пересчета на 4 квартал 2025 года в соответствии с Приложением к приказу Москомэкспертизы от 26.12.2024г. № МКЭ-ОД/24-185
... A32: Смета №.15 составлена с применением Сборника 9.1 «Методика расчета стоимости проектных, научных, нормативно-методических и других видов работ (услуг) на основании нормируемых трудозатрат. МРР-9.1.02-18», утвержденного и введенного в действие приказом Москомэкспертизы от 26.12.2018 № МКЭ-ОД/18-74, с коэфф. пересчета на 4 квартал 2025 года в соответствии с Приложением к приказу Москомэкспертизы от 26.12.2024г. № МКЭ-ОД/24-185
A33: № | B33: Перечень выполняемых работ | F33: Локальная смета №№ | G33: Стоимость работ в руб.
G34: Прочая документация | H34: изыскательских | I34: проектных | K34: всего
I35: стадия "ПД" | J35: стадия "РД"
A36: 1 | B36: Проектные работы по реконструкции газопровода | F36: №1 | I36: =K36*0.4 -> 4475761.9 | J36: =K36-I36 -> 6713642.9 | K36: =РП!Q264 -> 11189405
A37: 2 | B37: Проектные работы по электрохимзащите от коррозии | F37: №2 | I37: =K37*0.4 -> 221339.04 | J37: =K37-I37 -> 332008.55 | K37: ='АЗ (2)'!K214 -> 553347.59
A38: 3 | B38: Выполнение инженерно-геофизических изысканий | F38: №3 | H38: =K38 -> 54347.87 | K38: =Геофизика!J113 -> 54347.87
A39: 4 | B39: Проектные работы по организации дорожного движения | F39: №4 | I39: =K39*0.4 -> 67569.656 | J39: =K39-I39 -> 101354.48 | K39: ='ОДД '!G78 -> 168924.14
A40: 5 | B40: Проектные работы по дендрологии | F40: №5 | I40: =K40*0.4 -> 189911.58 | J40: =K40*0.6 -> 284867.37 | K40: =ПД!S133 -> 474778.94
A41: 6 | B41: Проектные работы по благоустройству и озеленению | F41: №6 | I41: =K41*0.4 -> 61670.616 | J41: =K41*0.6 -> 92505.924 | K41: =БО!N36 -> 154176.54
A42: 7 | B42: Выполнение инженерно-экологических изысканий | F42: №7 | H42: =K42 -> 2021409 | K42: =ИЭИ!K55 -> 2021409
A43: 8 | B43: Проектные работы по охране окружающей среды | F43: №8 | I43: =K43 -> 675881.69 | K43: ='ООС-1'!M99 -> 675881.69
A44: 9 | B44: Проектные работы по разделу «Мероприятия по обеспечению пожарной безопасности" | F44: №9; №9.1 | I44: =K44 -> 283079.22 | K44: =ПБ!Q37+'Пож. риск'!K41 -> 283079.22
A45: 10 | B45: Выполнение инженерно-геологических изысканий | F45: №10 | H45: =K45 -> 2946375.3 | K45: =ИГИ!G43 -> 2946375.3
A46: 11 | B46: Разработка раздела оценки (математическое моделирование) влияния на окружающую застройку | F46: №11 | H46: =K46 -> 1309700.1 | K46: =ОВС!G29 -> 1309700.1
A47: 12 | B47: Разработка раздела техническое обследование существующих зданий и сооружений | F47: №12 | H47: =K47 -> 546303.72 | K47: =ОСК!Q31 -> 546303.72
A48: 13 | B48: Разработка раздела "Требования к обеспечению безопасной эксплуатации" | F48: №13 | I48: =K48 -> 72936.5 | K48: =ТБЭ!O22 -> 72936.5
A49: 14 | B49: Раздед по обеспечению сохранности объектов культурного наследия Проведение государственной историко-культурной экспертизы (ГИКЭ). | F49: №14 | I49: =K49 -> 963957.24 | K49: =ОКН!H46 -> 963957.24
A50: 15 | B50: Получение платных согласований | F50: №15 | I50: =K50*0.4 -> 169940.31 | J50: =K50-I50 -> 254910.47 | K50: =Согласования!K41 -> 424850.78
A51: 16 | B51: ИТОГО: | G51: =SUM(G36:G47) -> 0 | H51: =SUM(H36:H50) -> 6878136 | I51: =SUM(I36:I50) -> 7182047.8 | J51: =SUM(J36:J50) -> 7779289.7 | K51: =SUM(K36:K50) -> 21839473 | L51: =G51+H51+I51+J51 -> 21839473 | M51: =РП!Q264+'АЗ (2)'!K214+Геофизика!J113+'ОДД '!G78+ПД!S133+БО!N36+ИЭИ!K55+'ООС-1'!M99+ПБ!Q37+'Пож. риск'!K41+ИГИ!G43+ОВС!G29+ОСК!Q31+ТБЭ!O22+ОКН!H46+Согласования!K41 -> 21839473
A52: 17 | B52: НДС 20% | K52: =K51*0.2 -> 4367894.7
A53: 18 | B53: Всего: | K53: =K51+K52 -> 26207368

Sheet РП
Q1: Приложение №1.1
Q2: к ПНМЦД
A5: Смета №1
A6: на проектные работы по реконструкции газопровода
A8: Наименование работ | I8: =Сводная!A7 -> на выполнение проектно-изыскательских работ с их сопровождением при прохождении экспертизы по объекту: "Реконструкция газопровода низкого давления по адресу: г. Москва , ЮЗАО, Б.Черемушкинская ул. , д. 20, к. 1-ул. Кржижановского, д. 23, к.6"
A9: Наименование стадии проектирования,
A10: этапа, вида проектных работ | I10: Проектная и рабочая документация
A12: Наименование организации Заказчика | I12: АО "МОСГАЗ"
A14: Наименование организации Подрядчика
A16: Смета составлена с применением Сборника 4.2 «Инженерные сети и сооружения. МРР-4.2.04-22», утвержденного и введенного в действие приказом Москомэкспертизы от 26.12.2022 № МКЭ-ОД/22-121, с коэфф. пересчета на 4 квартал 2025 года в соответствии с Приложением к приказу Москомэкспертизы от 26.12.2024г. № МКЭ-ОД/24-185
A17: №№ п/п | B17: Характеристика сооружений или видов работ | I17: №№ частей, глав, таблиц, пунктов указаний к разделам нормативного сборника | L17: Расчет стоимости | Q17: Стоимость
B18: СПР(Т)г/з = | D18: Ц(б)2000 х | F18: Nг/з х Пкi х | H18: Кпер. | J18: Ц(б)2000 = а + в х Х
I19: К - | J19: 1 | K19: стад. ПД и РД
A20: 1 | B20: Газопровод. Низкое давление. | D20: L = | E20: =2100-C42-C51 -> 1500 | F20: м | I20: а - | J20: 83.8 | K20: т. 3.2. п. 2.
B21: D = | C21: до 600 | D21: мм | I21: в - | J21: 0.381 | K21: =K20 -> т. 3.2. п. 2. | T21: =E20+C51+E58+C80 -> 2350
B22: L = | C22: =E20-C32 -> 1200 | D22: м | I22: х - | J22: =E20 -> 1500
I23: КIIкат.сл.- | J23: 1 | K23: Часть 2 п. 2.21 | L23: =G25*1000 -> 655300 | M23: х | N23: =J19 -> 1 | O23: х | P23: =J23 -> 1 | Q23: =ROUND(L23*N23*P23*N24*P24*N25*P25*N26,2) -> 4201783.6
B24: Ц(б)2000 = | C24: =CONCATENATE("(",J20,"+",J21,"*",J22,")") -> (83,8+0,381*1500) | I24: Кдемонтаж. - | J24: 1 | K24: Часть 2 п. 2.13 | M24: х | N24: =J24 -> 1 | O24: х | P24: =J25 -> 1
F25: = | G25: =ROUND((J20+J21*J22),7) -> 655.3 | H25: т.р. | I25: К ж/бет. основ. - | J25: 1 | K25: Часть 2 п. 2.11 | M25: х | N25: =J27 -> 1 | O25: х | P25: =J28 -> 8.015
E26: =ROUND(C22/E20*100,2) -> 80 | F26: % | I26: Кобъем | J26: =E26/100 -> 0.8 | M26: х | N26: =J26 -> 0.8
I27: К рек. - | J27: 1 | K27: Часть 2 п. 2.20
I28: Кпер. - | J28: 8.015 | K28: (4 кв.2025г.)
I29: К - | J29: 1 | K29: стад. ПД и РД | S29: =E26+E36 -> 100
A30: 2 | B30: Газопровод Низкое давление . Стальной футляр | I30: а - | J30: =J20 -> 83.8 | K30: =K20 -> т. 3.2. п. 2.
B31: D = | C31: до 600 | D31: мм | I31: в - | J31: =J21 -> 0.381 | K31: =K30 -> т. 3.2. п. 2.
B32: Lуч-ка = | C32: =E20*0.2*1 -> 300 | D32: м | I32: х - | J32: =J22 -> 1500
I33: КIIкат.сл.- | J33: =J23 -> 1 | K33: Часть 2 п. 2.21 | L33: =G35*1000 -> 655300 | M33: х | N33: =J29 -> 1 | O33: х | P33: =J33 -> 1 | Q33: =ROUND(L33*N33*P33*N34*P34*N35*P35*N36,2) -> 1155490.5 | X33: =E5+E36 -> 20
B34: Ц(б)2000 = | C34: =C24 -> (83,8+0,381*1500) | I34: Кдемонтаж. - | J34: 1 | K34: Часть 2 п. 2.13 | M34: х | N34: =J34 -> 1 | O34: х | P34: =J35 -> 1.1
F35: = | G35: =ROUND((J30+J31*J32),7) -> 655.3 | H35: т.р. | I35: К стал. футляр - | J35: 1.1 | K35: Часть 2 п. 2.11 | M35: х | N35: =J37 -> 1 | O35: х | P35: =J38 -> 8.015
E36: =ROUND(C32/E20*100,2) -> 20 | F36: % | I36: Кобъем | J36: =E36/100 -> 0.2 | M36: х | N36: =J36 -> 0.2
I37: К рек. - | J37: 1 | K37: Часть 2 п. 2.20
I38: Кпер. - | J38: =J28 -> 8.015 | K38: =K28 -> (4 кв.2025г.)
I39: К - | J39: 1 | K39: стад. ПД и РД
A40: 3 | B40: Газопровод Низкое давление. Закрытая прокладка | I40: а - | J40: 13 | K40: т. 3.3 п. 5.
B41: D = | C41: 315 | D41: мм | I41: в - | J41: 1.28 | K41: =K40 -> т. 3.3 п. 5.
B42: L = | C42: 0 | D42: м | I42: х - | J42: =C42 -> 0
I43: КIIIкат.сл.- | J43: =J23 -> 1 | K43: Часть 2 п. 2.21 | L43: =G45*1000 -> 13000 | M43: х | N43: =J39 -> 1 | O43: х | P43: =J43 -> 1 | Q43: =ROUND(L43*N43*P43*N44*P44*N45*P45,2)*0 -> 0
B44: Ц(б)2000 = | C44: =CONCATENATE("(",J40,"+",J41,"*",J42,")") -> (13+1,28*0) | I44: К пром.без. - | J44: 1 | K44: Часть 2 п. 2.10 | M44: х | N44: =J44 -> 1 | O44: х | P44: =J45 -> 1
F45: = | G45: =ROUND((J40+J41*J42),3) -> 13 | H45: т.р. | I45: К метро. - | J45: 1 | K45: Часть 2 п. 2.8 | M45: х | N45: =J46 -> 1 | O45: х | P45: =J47 -> 8.015
I46: К рек. - | J46: 1 | K46: =K37 -> Часть 2 п. 2.20
I47: Кпер. - | J47: =J28 -> 8.015 | K47: =K28 -> (4 кв.2025г.)
I48: К - | J48: 1 | K48: стад. ПД и РД
A49: 3 | B49: Газопровод. Низкое давление. Бестраншейная прокладка методом горизонтального направленного бурения установками ГНБ | I49: а - | J49: 81 | K49: т. 3.3 п. 8.
B50: D = | C50: 315 | D50: мм | I50: в - | J50: 0.792 | K50: =K49 -> т. 3.3 п. 8.
B51: L = | C51: 600 | D51: м | I51: х - | J51: =C51 -> 600
I52: КIIкат.сл.- | J52: =J23 -> 1 | K52: Часть 2 п. 2.21 | L52: =G54*1000 -> 556200 | M52: х | N52: =J48 -> 1 | O52: х | P52: =J52 -> 1 | Q52: =ROUND(L52*N52*P52*N53*P53*N54*P54,2) -> 4457943
B53: Ц(б)2000 = | C53: =CONCATENATE("(",J49,"+",J50,"*",J51,")") -> (81+0,792*600) | I53: К пром.без. - | J53: 1 | K53: Часть 2 п. 2.10 | M53: х | N53: =J53 -> 1 | O53: х | P53: =J54 -> 1
F54: = | G54: =ROUND((J49+J50*J51),3) -> 556.2 | H54: т.р. | I54: К метро. - | J54: 1 | K54: Часть 2 п. 2.8 | M54: х | N54: =J55 -> 1 | O54: х | P54: =J56 -> 8.015
I55: К рек. - | J55: 1 | K55: =K27 -> Часть 2 п. 2.20
I56: Кпер. - | J56: =J28 -> 8.015 | K56: =K28 -> (4 кв.2025г.)
I57: К - | J57: 1 | K57: стад. ПД и РД
A58: 4 | B58: Газопровод. Среднее давление. | D58: L = | E58: =(250)-C80 -> 250 | F58: м | I58: а - | J58: 29.9 | K58: т. 3.2. п. 2.
B59: D = | C59: до 600 | D59: мм | I59: в - | J59: 0 | K59: =K58 -> т. 3.2. п. 2.
B60: Lуч-ка = | C60: 0 | D60: м | I60: х - | J60: =E58 -> 250
I61: КIIIкат.сл.- | J61: =J23 -> 1 | K61: Часть 2 п. 2.21 | L61: =G63*1000 -> 29900 | M61: х | N61: =J57 -> 1 | O61: х | P61: =J61 -> 1 | Q61: =ROUND(L61*N61*P61*N62*P62*N63*P63*N64,2) -> 0
B62: Ц(б)2000 = | C62: =CONCATENATE("(",J58,"+",J59,"*",J60,")") -> (29,9+0*250) | I62: Кдемонтаж. - | J62: 1 | K62: Часть 2 п. 2.13 | M62: х | N62: =J62 -> 1 | O62: х | P62: =J63 -> 1
F63: = | G63: =ROUND((J58+J59*J60),7) -> 29.9 | H63: т.р. | I63: К ж/бет. основ. - | J63: 1 | K63: Часть 2 п. 2.11 | M63: х | N63: =J65 -> 1 | O63: х | P63: =J66 -> 8.015
E64: =ROUND(C60/E58*100,2) -> 0 | F64: % | I64: Кобъем | J64: =E64/100 -> 0 | M64: х | N64: =J64 -> 0
I65: К рек. - | J65: 1 | K65: Часть 2 п. 2.20
I66: Кпер. - | J66: =J28 -> 8.015 | K66: =K28 -> (4 кв.2025г.)
I67: К - | J67: 1 | K67: стад. ПД и РД
A68: 5 | B68: Газопровод Среднее давление.Стальной футляр | I68: а - | J68: =J58 -> 29.9 | K68: =K20 -> т. 3.2. п. 2. | T68: =E64+E74 -> 0
B69: D = | C69: до 600 | D69: мм | I69: в - | J69: =J59 -> 0 | K69: =K68 -> т. 3.2. п. 2.
B70: Lуч-ка = | C70: =0 -> 0 | D70: м | I70: х - | J70: =J60 -> 250
I71: КIIIкат.сл.- | J71: =J23 -> 1 | K71: Часть 2 п. 2.21 | L71: =G73*1000 -> 29900 | M71: х | N71: =J67 -> 1 | O71: х | P71: =J71 -> 1 | Q71: =ROUND(L71*N71*P71*N72*P72*N73*P73*N74,2) -> 0 | X71: =E26+E74 -> 80
B72: Ц(б)2000 = | C72: =CONCATENATE("(",J68,"+",J69,"*",J70,")") -> (29,9+0*250) | I72: Кдемонтаж. - | J72: 1 | K72: Часть 2 п. 2.13 | M72: х | N72: =J72 -> 1 | O72: х | P72: =J73 -> 1.1
F73: = | G73: =ROUND((J68+J69*J70),7) -> 29.9 | H73: т.р. | I73: К стал. футляр - | J73: 1.1 | K73: Часть 2 п. 2.11 | M73: х | N73: =J75 -> 1 | O73: х | P73: =J76 -> 8.015
E74: =ROUND(C70/E58*100,2) -> 0 | F74: % | I74: Кобъем | J74: =E74/100 -> 0 | M74: х | N74: =J74 -> 0
I75: К рек. - | J75: 1 | K75: Часть 2 п. 2.20
I76: Кпер. - | J76: =J28 -> 8.015 | K76: =K28 -> (4 кв.2025г.)
I77: К - | J77: 1 | K77: стад. ПД и РД
A78: 6 | B78: Газопровод Закрытая прокладка. ГНБ | I78: а - | J78: =49.5*0 -> 0 | K78: т. 3.3 п. 8.
B79: D = | D79: мм | I79: в - | J79: 0.855 | K79: =K78 -> т. 3.3 п. 8.
B80: L = | C80: 0 | D80: м | I80: х - | J80: =C80 -> 0
I81: КIIIкат.сл.- | J81: =J23 -> 1 | K81: Часть 2 п. 2.21 | L81: =G83*1000 -> 0 | M81: х | N81: =J77 -> 1 | O81: х | P81: =J81 -> 1 | Q81: =ROUND(L81*N81*P81*N82*P82*N83*P83,2)*1 -> 0 | S81: =Q81*1.3 -> 0
B82: Ц(б)2000 = | C82: =CONCATENATE("(",J78,"+",J79,"*",J80,")") -> (0+0,855*0) | I82: К пром.без. - | J82: 1 | K82: Часть 2 п. 2.10 | M82: х | N82: =J82 -> 1 | O82: х | P82: =J83 -> 1
F83: = | G83: =ROUND((J78+J79*J80),3) -> 0 | H83: т.р. | I83: К метро. - | J83: 1 | K83: Часть 2 п. 2.8 | M83: х | N83: =J84 -> 1 | O83: х | P83: =J85 -> 8.015
I84: К рек. - | J84: 1 | K84: =K27 -> Часть 2 п. 2.20
I85: Кпер. - | J85: =J28 -> 8.015 | K85: =K28 -> (4 кв.2025г.)
I86: К - | J86: 1 | K86: стад. ПД и РД
A87: 4 | B87: Газопровод по стене | I87: а - | J87: 6.1 | K87: т. 3.2 п. 1.
B88: D = | D88: мм | I88: в - | J88: 0.365 | K88: =K87 -> т. 3.2 п. 1.
B89: L = | C89: 150 | D89: м | I89: х - | J89: =C89 -> 150
I90: КIIкат.сл.- | J90: 1 | K90: Часть 2 п. 2.21 | L90: =G92*1000 -> 60850 | M90: х | N90: =J86 -> 1 | O90: х | P90: =J90 -> 1 | Q90: =ROUND(L90*N90*P90*N91*P91*N92*P92,2)*1 -> 292627.65
B91: Ц(б)2000 = | C91: =CONCATENATE("(",J87,"+",J88,"*",J89,")") -> (6,1+0,365*150) | I91: Кв.д.. - | J91: 1 | K91: т.3.2 прим.2 | M91: х | N91: =J91 -> 1 | O91: х | P91: =J92 -> 0.6
F92: = | G92: =ROUND((J87+J88*J89),2) -> 60.85 | H92: т.р. | I92: К по стене. - | J92: 0.6 | K92: т.3.2 прим.5 | M92: х | N92: =J93 -> 1 | O92: х | P92: =J94 -> 8.015
I93: К рек. - | J93: =J27 -> 1 | K93: Часть 2 п. 2.20
I94: Кпер. - | J94: =J28 -> 8.015 | K94: =K28 -> (4 кв.2025г.)
I95: К - | J95: 1 | K95: стад. ПД и РД
A96: 5 | B96: Цокольный ввод | I96: а - | J96: 5.4 | K96: т. 3.2 п. 1.
B97: D = | D97: мм | I97: в - | J97: 0.372 | K97: =K96 -> т. 3.2 п. 1.
B98: L = | C98: =28*2 -> 56 | D98: м | I98: х - | J98: =C98 -> 56
I99: КIIкат.сл.- | J99: 1 | K99: Часть 2 п. 21 | L99: =G101*1000 -> 26230 | M99: х | N99: =J95 -> 1 | O99: х | P99: =J99 -> 1 | Q99: =ROUND(L99*N99*P99*N100*P100*N101*P101,2)*1 -> 126140.07
B100: Ц(б)2000 = | C100: =CONCATENATE("(",J96,"+",J97,"*",J98,")") -> (5,4+0,372*56) | I100: Кв.д.. - | J100: 1 | K100: т.3.2 прим.2 | M100: х | N100: =J100 -> 1 | O100: х | P100: =J101 -> 0.6
F101: = | G101: =ROUND((J96+J97*J98),2) -> 26.23 | H101: т.р. | I101: К по стене. - | J101: 0.6 | K101: т.3.2 прим.5 | M101: х | N101: =J102 -> 1 | O101: х | P101: =J103 -> 8.015
I102: К рек. - | J102: =J27 -> 1 | K102: Часть 2 п. 2.20
I103: Кпер. - | J103: =J28 -> 8.015 | K103: =K28 -> (4 кв.2025г.)
I104: К - | J104: 1 | K104: стад. ПД и РД
A105: 6 | B105: Демонтаж газопровода. Низкое давление | I105: а - | J105: 83.8 | K105: т. 3.2 п. 2
B106: D = | C106: до 600 | D106: мм | I106: в - | J106: 0.381 | K106: =K105 -> т. 3.2 п. 2
...

Sheet АЗ (2)
K1: Приложение №1.2
A4: Смета №2
A5: на проектные работы по электрохимзащите от коррозии
A7: Наименование работ | F7: =РП!I8 -> на выполнение проектно-изыскательских работ с их сопровождением при прохождении экспертизы по объекту: "Реконструкция газопровода низкого давления по адресу: г. Москва , ЮЗАО, Б.Черемушкинская ул. , д. 20, к. 1-ул. Кржижановского, д. 23, к.6"
A8: Наименование стадии проектирования,
A9: этапа, вида проектных работ | H9: Проектная и рабочая документация
A11: Наименование организации Заказчика | H11: АО "Мосгаз"
A13: Наименование организации Подрядчика
A15: Смета составлена с применением Сборника 4.9 «Объекты газооборудования и газоснабжения. МРР-4.9.02-22», утвержденного и введенного в действие приказом Москомэкспертизы от 29.09.2022 № МКЭ-ОД/22-83, Сборника 4.2 «Инженерные сети и сооружения. МРР-4.2.04-22», утвержденного и введенного в действие приказом Москомэкспертизы от 26.12.2022 № МКЭ-ОД/22-121, с коэфф. пересчета на 4 квартал 2025 года в соответствии с Приложением к приказу Москомэкспертизы от 26.12.2024г. № МКЭ-ОД/24-185
A16: №№ п.п. | B16: Характеристика предприятия, здания,сооружения или виды работ | F16: № части и глав табл., пункты указаний к разделу или главе Сборника цен на ПИР | I16: Расчет стоимости | K16: Стоимость, руб.
I17: цена за ед., руб. | J17: кол-во
A18: 1 | B18: Активная защита | F18: МРР-4.9.02-22
A19: 1.1 | B19: Электрозащитная установка
B20: (ЭЗУ) от коррозии | F20: a= | G20: 3 | H20: , табл. 3.7
B21: Х= | C21: 2 | D21: шт. - кол-во | F21: b= | G21: 19.8 | H21: , табл. 3.7 | I21: (a+b•X) | K21: =ROUND(G20*1000+G21*1000*C21,0) -> 42600
B22: реконструкция | F22: К= | G22: 1 | H22: , п. 2.4 | I22: =K21 -> 42600 | J22: =G22 -> 1 | K22: =ROUND(I22*J22,0) -> 42600
B23: наличие зоны метро или ж/д | F23: К= | G23: 1 | H23: , п. 2.5 | I23: =K22 -> 42600 | J23: =G23 -> 1 | K23: =ROUND(I23*J23,0) -> 42600
B24: защита более 5-ти ком-ций | F24: К= | G24: 1 | H24: , табл. 3.7, прим. 1 | I24: =K23 -> 42600 | J24: =G24 -> 1 | K24: =ROUND(I24*J24,0) -> 42600
B25: стадийность проекта | F25: К= | G25: 0.2 | H25: приложен.1 п.15 | I25: =K24 -> 42600 | J25: =G25 -> 0.2 | K25: =ROUND(I25*J25,0) -> 8520
A26: 1.2 | B26: Глубинный анодный | F26: табл. 3.7, примечание 2
B27: заземлитель (Гл.А.З.)
B28: N= | C28: 0 | D28: шт. - кол-во | F28: С= | G28: 10.44 | H28: , табл. 3.8 п. 1 | I28: =G28*1000 -> 10440 | J28: =C28 -> 0 | K28: =ROUND(I28*J28,0) -> 0
B29: наличие зоны метро или ж/д | F29: К= | G29: 1 | H29: =H23 -> , п. 2.5 | I29: =K28 -> 0 | J29: =G29 -> 1 | K29: =ROUND(I29*J29,0) -> 0
B30: стадийность проекта | F30: К= | G30: =[115]ИСХОДНИК!F17 -> 1 | H30: , табл. 1 | I30: =K29 -> 0 | J30: =G30 -> 1 | K30: =ROUND(I30*J30,0) -> 0
A31: 1.2 | B31: Гальванический анод | F31: табл. 3.7, примечание 3
B32: (протектор)
B33: N= | C33: 5 | D33: шт. - кол-во | F33: С= | G33: 10.44 | H33: , табл. 3.8 п. 1 | I33: =G33*1000 -> 10440 | J33: =C33 -> 5 | K33: =ROUND(I33*J33,0) -> 52200
F34: К= | G34: 0.1 | H34: , табл. 3.7, прим. 3 | I34: =K33 -> 52200 | J34: =G34 -> 0.1 | K34: =ROUND(I34*J34,0) -> 5220
B35: наличие зоны метро или ж/д | F35: К= | G35: 1 | H35: =H23 -> , п. 2.5 | I35: =K34 -> 5220 | J35: =G35 -> 1 | K35: =ROUND(I35*J35,0) -> 5220
B36: стадийность проекта | F36: К= | G36: =[115]ИСХОДНИК!F17 -> 1 | H36: , табл. 1 | I36: =K35 -> 5220 | J36: =G36 -> 1 | K36: =ROUND(I36*J36,0) -> 5220
A37: 1.3 | B37: Контрольно-измерительный | F37: табл. 3.7, примечание 5
B38: пункт (КИП; ПТ)
B39: N= | C39: 1 | D39: шт. - кол-во | F39: C= | G39: 0 | H39: , табл. 3.7 (Х=1) | I39: =G39*1000 -> 0 | J39: =C39 -> 1 | K39: =ROUND(I39*J39,0) -> 0
F40: К= | G40: 0.007 | H40: , табл. 3.7, прим. 5 | I40: =K39 -> 0 | J40: =G40 -> 0.007 | K40: =ROUND(I40*J40,0) -> 0
B41: наличие зоны метро или ж/д | F41: К= | G41: 1 | H41: =H23 -> , п. 2.5 | I41: =K40 -> 0 | J41: =G41 -> 1 | K41: =ROUND(I41*J41,0) -> 0
B42: стадийность проекта | F42: К= | G42: =[115]ИСХОДНИК!F17 -> 1 | H42: , табл. 1 | I42: =K41 -> 0 | J42: =G42 -> 1 | K42: =ROUND(I42*J42,0) -> 0
A43: 1.3 | B43: Электроперемычка (ЭП) | F43: табл. 3.7, примечание 5
B44: N= | C44: 0 | D44: шт. - кол-во | F44: C= | G44: 22.8 | H44: , табл. 3.7 (Х=1) | I44: =G44*1000 -> 22800 | J44: =C44 -> 0 | K44: =ROUND(I44*J44,0) -> 0
F45: К= | G45: 0.014 | H45: , табл. 3.7, прим. 5 | I45: =K44 -> 0 | J45: =G45 -> 0.014 | K45: =ROUND(I45*J45,0) -> 0
B46: наличие зоны метро или ж/д | F46: К= | G46: 1 | H46: =H23 -> , п. 2.5 | I46: =K45 -> 0 | J46: =G46 -> 1 | K46: =ROUND(I46*J46,0) -> 0
B47: стадийность проекта | F47: К= | G47: =[115]ИСХОДНИК!F17 -> 1 | H47: , табл. 1 | I47: =K46 -> 0 | J47: =G47 -> 1 | K47: =ROUND(I47*J47,0) -> 0
A48: 1.6 | B48: Вентильная перемычка (ВП) | F48: табл. 3.7, примечание 5
B49: N= | C49: 0 | D49: шт. - кол-во | F49: C= | G49: 22.8 | H49: , табл. 3.7 (Х=1) | I49: =G49*1000 -> 22800 | J49: =C49 -> 0 | K49: =ROUND(I49*J49,0) -> 0
F50: К= | G50: 0.031 | H50: , табл. 3.7, прим. 5 | I50: =K49 -> 0 | J50: =G50 -> 0.031 | K50: =ROUND(I50*J50,0) -> 0
B51: наличие зоны метро или ж/д | F51: К= | G51: 1 | H51: =H23 -> , п. 2.5 | I51: =K50 -> 0 | J51: =G51 -> 1 | K51: =ROUND(I51*J51,0) -> 0
B52: стадийность проекта | F52: К= | G52: =[115]ИСХОДНИК!F17 -> 1 | H52: , табл. 1 | I52: =K51 -> 0 | J52: =G52 -> 1 | K52: =ROUND(I52*J52,0) -> 0
A53: 1.4 | B53: Изолирующее фланцевое | F53: табл. 3.7, примечание 5
B54: соединение (ИС),
B55: Изолирующая вставка (ИВ)
B56: N= | C56: 28 | D56: шт. - кол-во | F56: C= | G56: =22.8*1 -> 22.8 | H56: , табл. 3.7 (Х=1) | I56: =G56*1000 -> 22800 | J56: =C56 -> 28 | K56: =ROUND(I56*J56,0) -> 638400
F57: К= | G57: 0.009 | H57: , табл. 3.7, прим. 5 | I57: =K56 -> 638400 | J57: =G57 -> 0.009 | K57: =ROUND(I57*J57,0) -> 5746
B58: наличие зоны метро или ж/д | F58: К= | G58: 1 | H58: =H23 -> , п. 2.5 | I58: =K57 -> 5746 | J58: =G58 -> 1 | K58: =ROUND(I58*J58,0) -> 5746
B59: стадийность проекта | F59: К= | G59: =[115]ИСХОДНИК!F17 -> 1 | H59: , табл. 1 | I59: =K58 -> 5746 | J59: =G59 -> 1 | K59: =ROUND(I59*J59,0) -> 5746
B60: ИТОГО п.п. 1.1 - 1.4: | K60: =K25+K30+K36+K42+K47+K52+K59 -> 19486 | L60: =K25+K36+K59 -> 19486
A61: 2 | B61: Прокладка кабеля | F61: МРР-4.2.04-22
A63: 2.1 | B63: Прокладка кабеля | F63: a= | G63: 21.6 | H63: , табл. 3.6
B64: Х= | C64: =200+30 -> 230 | D64: м - длина | E64: 1 | F64: b= | G64: 0.05 | H64: =H63 -> , табл. 3.6 | I64: (a+b•X) | K64: =ROUND(G63*1000+G64*1000*C64,0) -> 33100
B65: Хуч-ка= | C65: =C64-C66-C67-C68 -> 30 | D65: м в траншее | E65: =C65/C64 -> 0.13043478
B66: Хуч-ка= | C66: =3*2 -> 6 | D66: м по стене | E66: =ROUNDDOWN(C66/C64,2) -> 0.02
B67: Хуч-ка= | C67: 0 | D67: м в закр. переходе | E67: =C67/C64 -> 0
B68: Хуч-ка= | C68: 194 | D68: м в трубе | E68: =C68/C64 -> 0.84347826
B69: N= | C69: 1 | D69: шт. - кол-во кабелей | F69: К= | G69: 1 | H69: , табл. 3.6, прим. 5 | I69: =K64 -> 33100 | J69: =G69 -> 1 | K69: =ROUND(I69*J69,0) -> 33100
B70: напряжение до 1 кВ | F70: K= | G70: 0.8 | H70: , табл. 3.6, прим. 4 | I70: =K69 -> 33100 | J70: =G70 -> 0.8 | K70: =ROUND(I70*J70,0) -> 26480
B71: прокладка в трубе | F71: К= | G71: 1.2 | H71: Часть 2 п.2.12 | I71: =K70 -> 26480 | J71: 1 | K71: =ROUND(I71*J71,0) -> 26480
B72: прокладка по стене здания | F72: К= | G72: 0.9 | H72: , табл. 3.6, прим. 8 | I72: =K71 -> 26480 | J72: 1 | K72: =ROUND(I72*J72,0) -> 26480
B73: прокладка в коллекторе | F73: K= | G73: 1.2 | H73: , табл. 3.6, прим. 6 | I73: =K71 -> 26480 | J73: 1 | K73: =ROUND(I73*J73,0) -> 26480
B74: наличие зоны метро или ж/д | F74: К= | G74: 1 | H74: Часть 2 п.2.8 | I74: =K71 -> 26480 | J74: =G74 -> 1 | K74: =ROUND(I74*J74,0) -> 26480
B75: понижающий коэффициент | F75: К= | G75: 1 | H75: ,табл. 3.6, прим. 10 | I75: =K70 -> 26480 | J75: =G75 -> 1 | K75: =ROUND(I75*J75,0) -> 26480
B76: корректирующий коэффициент | F76: К= | G76: =ROUND(E65*1+E66*G72+E67*G73+E68*G71,3) -> 1.161 | H76: на объем | I76: =K75 -> 26480 | J76: =G76 -> 1.161 | K76: =ROUND(I76*J76,0) -> 30743
B77: зона охраняемого природного ландшафта | F77: К= | G77: 1 | H77: Часть 2 п.2.14 | I77: =K76 -> 30743 | J77: =G77 -> 1 | K77: =ROUND(I77*J77,0) -> 30743
B78: стадийность проекта | F78: К= | G78: 1 | H78: , табл.1. п.3 | I78: =K77 -> 30743 | J78: =G78 -> 1 | K78: =ROUND(I78*J78,0) -> 30743
A80: 2.2 | B80: Прокладка кабеля сигнального | F80: a= | G80: 17.1 | H80: , табл. 3.8 п.2.1
B81: Х= | C81: 200 | D81: м - длина | E81: 1 | F81: b= | G81: 0 | H81: =H80 -> , табл. 3.8 п.2.1 | I81: (a+b•X) | K81: =ROUND(G80*1000+G81*1000*C81,0)*1 -> 17100
B82: Хуч-ка= | C82: =C81-C83-C84 -> 0 | D82: м в траншее | E82: =C82/C81 -> 0
B83: Хуч-ка= | C83: 0 | D83: м в закр. переходе | E83: =C83/C81 -> 0
B84: Хуч-ка= | C84: 200 | D84: м в трубе | E84: =C84/C81 -> 1
B85: N= | C85: 1 | D85: шт. - кол-во кабелей | F85: К= | G85: 1 | H85: , табл. 3.8, прим. 4 | I85: =K81 -> 17100 | J85: =G85 -> 1 | K85: =ROUND(I85*J85,0) -> 17100
B86: напряжение до 1 кВ | F86: K= | G86: 1 | H86: , табл. 3.6, прим. 4 | I86: =K85 -> 17100 | J86: =G86 -> 1 | K86: =ROUND(I86*J86,0) -> 17100
B87: прокладка по стене здания | F87: К= | G87: 1 | H87: , табл. 3.6, прим. 8 | I87: =K86 -> 17100 | J87: =G87 -> 1 | K87: =ROUND(I87*J87,0) -> 17100
B88: прокладка в трубе | F88: K= | G88: 1.1 | H88: Часть 2 п.2.11 | I88: =K87 -> 17100 | J88: =G88 -> 1.1 | K88: =ROUND(I88*J88,0) -> 18810
B89: наличие зоны метро или ж/д | F89: К= | G89: 1 | H89: Часть 2 п.2.8; 2.9 | I89: =K88 -> 18810 | J89: =G89 -> 1 | K89: =ROUND(I89*J89,0) -> 18810
B90: понижающий коэффициент | F90: К= | G90: 1 | H90: ,табл. 3.8, прим. 9 | I90: =K89 -> 18810 | J90: =G90 -> 1 | K90: =ROUND(I90*J90,0) -> 18810
B91: стадийность проекта | F91: К= | G91: 1 | H91: , табл.1. п.3 | I91: =K90 -> 18810 | J91: =G91 -> 1 | K91: =ROUND(I91*J91,0) -> 18810
A92: 2.2 | B92: Прокладка кабеля для протекторов | F92: a= | G92: 21.6 | H92: , табл. 3.6
B93: Х= | C93: 190 | D93: м - длина | F93: b= | G93: 0 | H93: , табл. 3.6 | I93: (a+b•X) | K93: =ROUND(G92*1000+G93*1000*C93,0)*0 -> 0
B94: N= | C94: 1 | D94: шт. - кол-во кабелей | F94: К= | G94: 1 | H94: , табл. 3.6, прим. 5 | I94: =K93 -> 0 | J94: =G94 -> 1 | K94: =ROUND(I94*J94,0) -> 0
B95: напряжение до 1 кВ | F95: K= | G95: 0.8 | H95: , табл. 3.6, прим. 4 | I95: =K94 -> 0 | J95: =G95 -> 0.8 | K95: =ROUND(I95*J95,0) -> 0
B96: прокладка по стене здания | F96: К= | G96: 1 | H96: , табл. 3.6, прим. 8 | I96: =K95 -> 0 | J96: =G96 -> 1 | K96: =ROUND(I96*J96,0) -> 0
B97: прокладка в коллекторе | F97: K= | G97: 1 | H97: , табл. 3.6, прим. 6 | I97: =K96 -> 0 | J97: =G97 -> 1 | K97: =ROUND(I97*J97,0) -> 0
B98: наличие зоны метро или ж/д | F98: К= | G98: 1 | H98: Часть 2 п.2.8 | I98: =K97 -> 0 | J98: =G98 -> 1 | K98: =ROUND(I98*J98,0) -> 0
B99: понижающий коэффициент | F99: К= | G99: 1 | H99: , табл. 3.6, прим. 11 | I99: =K98 -> 0 | J99: =G99 -> 1 | K99: =I99*J99 -> 0
B100: зона охраняемого природного ландшафта | F100: К= | G100: 1.2 | H100: Часть 2 п.2.14 | I100: =K99 -> 0 | J100: =G100 -> 1.2 | K100: =ROUND(I100*J100,0) -> 0
B101: стадийность проекта | F101: К= | G101: =[115]ИСХОДНИК!F17 -> 1 | H101: , табл.1. п.3 | I101: =K100 -> 0 | J101: =G101 -> 1 | K101: =ROUND(I101*J101,0) -> 0
A102: 2.3 | B102: Прокладка кабеля | F102: a= | G102: =21.6*0 -> 0 | H102: , табл. 3.6
B103: Х= | C103: 93 | D103: м - длина | F103: b= | G103: 0 | H103: , табл. 3.6 | I103: (a+b•X) | K103: =ROUND(G102*1000+G103*1000*C103,0) -> 0
B104: N= | C104: 1 | D104: шт. - кол-во кабелей | F104: К= | G104: 1 | H104: , табл. 3.6, прим. 4 | I104: =K103 -> 0 | J104: =G104 -> 1 | K104: =ROUND(I104*J104,0) -> 0
B105: напряжение до 1 кВ | F105: K= | G105: 0.8 | H105: , табл. 3.6, прим. 3 | I105: =K104 -> 0 | J105: =G105 -> 0.8 | K105: =ROUND(I105*J105,0) -> 0
B106: прокладка по стене здания | F106: К= | G106: 1 | H106: , табл. 3.6, прим. 7 | I106: =K105 -> 0 | J106: =G106 -> 1 | K106: =ROUND(I106*J106,0) -> 0
B107: прокладка в коллекторе | F107: K= | G107: 1 | H107: , табл. 3.6, прим. 5 | I107: =K106 -> 0 | J107: =G107 -> 1 | K107: =ROUND(I107*J107,0) -> 0
B108: наличие зоны метро или ж/д | F108: К= | G108: 1 | H108: , п 2.6, п.2.7 | I108: =K107 -> 0 | J108: =G108 -> 1 | K108: =ROUND(I108*J108,0) -> 0
...

Sheet Геофизика
J1: Приложение №1.3
J2: к ПНМЦД
A4: Смета №3
A5: на выполнение инженерно-геологических изысканий ( инженерно-геофизических исследований)
A6: Наименование работ | F6: =РП!I8 -> на выполнение проектно-изыскательских работ с их сопровождением при прохождении экспертизы по объекту: "Реконструкция газопровода низкого давления по адресу: г. Москва , ЮЗАО, Б.Черемушкинская ул. , д. 20, к. 1-ул. Кржижановского, д. 23, к.6"
A7: Адрес объекта
A9: Наименование стадии проектирования, | G9: Проектная и рабочая документация
A10: этапа, вида проектных работ
A12: Наименование организации Заказчика | G12: АО "МОСГАЗ"
A14: Наименование организации Подрядчика
A16: Смета составлена на основании Сборника цен на изыскательские работы для капитального строительства, утвержденного постановлением Госстроя СССР от 16.07.1981 № 121 с учетом дополнений, утвержденных постановлением Госстроя СССР от 01.03.1990 № 22, с коэфф. пересчета на 1 квартал 2025 года по Приложению к Письму Минстроя России от Письмо Минстроя России № 5170-ИФ/09 от 01.02.2025; Сборника 3.1 «Инженерно-геодезические изыскания. МРР-3.1.02-23», утвержден и введен в действие приказом Комитета города Москвы по ценовой политике в строительстве и государственной экспертизе проектов от 29 декабря 2023 г. № МКЭ-ОД/23-155., с коэфф. пересчета на 4 квартал 2025 года, в соответствии с Приложением к приказу Москомэкспертизы от 26.12.2024г. № МКЭ-ОД/24-185
A17: №№ п.п. | B17: Характеристика предприятия, здания,сооружения или виды работ | E17: № части и глав табл., пункты указаний к разделу или главе Сборника цен на ПИР | H17: Расчет стоимости | J17: Стоимость, руб.
H18: цена за ед. | I18: кол-во
A19: 1 | B19: 2 | E19: 3 | H19: 5 | I19: 6 | J19: 7
A20: 1 | B20: Предварительные
B21: изыскания | E21: С= | F21: 25 | G21: , табл.281, § 1
B22: N= | C22: 0 | D22: шт. - кол-во УКЗ | E22: S= | F22: =C22*0.6 -> 0 | G22: га - площадь (N•0,6) | H22: =F21 -> 25 | I22: =F22 -> 0 | J22: =ROUND(H22*I22,2) -> 0
B23: N= | C23: 0 | D23: шт. - кол-во протек. | E23: S= | F23: =C23*0.1 -> 0 | G23: га - площадь (N•0,1) | H23: =F21 -> 25 | I23: =F23 -> 0 | J23: =ROUND(H23*I23,2) -> 0
B24: N= | C24: 0 | D24: шт. - кол-во КИП | E24: S= | F24: =C24*0.1 -> 0 | G24: га - площадь (N•0,1) | H24: =F21 -> 25 | I24: =F24 -> 0 | J24: =ROUND(H24*I24,2) -> 0
B25: N= | C25: 0 | D25: шт. - кол-во ПТ | E25: S= | F25: =C25*0.1 -> 0 | G25: га - площадь (N•0,1) | H25: =F21 -> 25 | I25: =F25 -> 0 | J25: =ROUND(H25*I25,2) -> 0
B26: N= | C26: 0 | D26: шт. - кол-во ВП | E26: S= | F26: =C26*0.1 -> 0 | G26: га - площадь (N•0,1) | H26: =F21 -> 25 | I26: =F26 -> 0 | J26: =ROUND(H26*I26,2) -> 0
B27: N= | C27: 0 | D27: шт. - кол-во ИВ | E27: S= | F27: =C27*0.1 -> 0 | G27: га - площадь (N•0,1) | H27: =F21 -> 25 | I27: =F27 -> 0 | J27: =ROUND(H27*I27,2) -> 0
B28: N= | C28: 0 | D28: шт. - кол-во ИФС | E28: S= | F28: =C28*0.1 -> 0 | G28: га - площадь (N•0,1) | H28: =F21 -> 25 | I28: =F28 -> 0 | J28: =ROUND(H28*I28,2) -> 0
B29: N= | C29: 0 | D29: шт. - кол-во ЭП | E29: S= | F29: =C29*0.1 -> 0 | G29: га - площадь (N•0,1) | H29: =F21 -> 25 | I29: =F29 -> 0 | J29: =ROUND(H29*I29,2) -> 0
E30: ИТОГО:
B31: выплата полев. довольствия | E31: К= | F31: 0.85 | G31: , общ. указ. п. 14 | H31: =J22 -> 0 | I31: =F31 -> 0.85 | J31: =ROUND(H31*I31,2) -> 0
B32: неблагоприятный период | E32: К= | F32: 1.3 | G32: , табл. 2, § 3 | H32: =J31 -> 0 | I32: =F32 -> 1.3 | J32: =ROUND(H32*I32,2) -> 0
B33: расходы по внутр. транс-ту | E33: К= | F33: 1.13 | G33: , табл. 4, § 4 | H33: =J32 -> 0 | I33: =F33 -> 1.13 | J33: =ROUND(H33*I33,2) -> 0
E34: К= | F34: 0.7 | G34: , общ. указ. п. 8, прим. 4 | H34: =J33 -> 0 | I34: =F34 -> 0.7 | J34: =ROUND(H34*I34,2) -> 0
E35: К= | F35: 1.25 | G35: , дополнения п. 8 | H35: =J34 -> 0 | I35: =F35 -> 1.25 | J35: =ROUND(H35*I35,2) -> 0
B36: метрологическое обесп-ние | E36: К= | F36: 1.05 | G36: , дополнения п. 14 | H36: =J35 -> 0 | I36: =F36 -> 1.05 | J36: =ROUND(H36*I36,2) -> 0
B37: организационные расходы | E37: К= | F37: 1.06 | G37: , общ. указ. п. 13, табл. 6, § 3 | H37: =J36 -> 0 | I37: =F37 -> 1.06 | J37: =ROUND(H37*I37,2) -> 0
B38: ликвидационные расходы | E38: К= | F38: 1.05 | G38: , общ. указ. п. 13, табл. 6, § 3 | H38: =J37 -> 0 | I38: =F38 -> 1.05 | J38: =ROUND(H38*I38,2) -> 0
B39: коэф. перевода в 1991 г. | E39: Письмо ГС 21-Д от 25.12.90г.
E40: К= | F40: 1.21 | H40: =J38 -> 0 | I40: =F40 -> 1.21 | J40: =ROUND(H40*I40,2) -> 0
A41: 1 | B41: Измерение уд. сопр. грунта
B42: 4-х электродной установкой
B43: N= | C43: =4*2 -> 8 | D43: шт. - кол-во | E43: С= | F43: 1.6 | G43: , табл .282, § 2 | H43: 1.6 | I43: =C43 -> 8 | J43: =ROUND(H43*I43,2) -> 12.8
B44: выплата полев. довольствия | E44: К= | F44: 0.85 | G44: , общ. указ. п. 14 | H44: =J43 -> 12.8 | I44: =F44 -> 0.85 | J44: =ROUND(H44*I44,2) -> 10.88
B45: неблагоприятный период | E45: К= | F45: 1 | G45: , табл. 2, § 3 | H45: =J44 -> 10.88 | I45: =F45 -> 1 | J45: =ROUND(H45*I45,2) -> 10.88
B46: расходы по внутр. транс-ту | E46: К= | F46: 1.13 | G46: , табл. 4, § 4 | H46: =J45 -> 10.88 | I46: =F46 -> 1.13 | J46: =ROUND(H46*I46,2) -> 12.29
E47: К= | F47: 0.7 | G47: , общ. указ. п. 8, прим. 4 | H47: =J46 -> 12.29 | I47: =F47 -> 0.7 | J47: =ROUND(H47*I47,2) -> 8.6
E48: К= | F48: 1.25 | G48: , дополнения п. 8 | H48: =J47 -> 8.6 | I48: =F48 -> 1.25 | J48: =ROUND(H48*I48,2) -> 10.75
B49: метрологическое обесп-ние | E49: К= | F49: 1.05 | G49: , дополнения п. 14 | H49: =J48 -> 10.75 | I49: =F49 -> 1.05 | J49: =ROUND(H49*I49,2) -> 11.29
B50: организационные расходы | E50: К= | F50: 1.06 | G50: , общ. указ. п. 13, табл. 6, § 3 | H50: =J49 -> 11.29 | I50: =F50 -> 1.06 | J50: =ROUND(H50*I50,2) -> 11.97
B51: ликвидационные расходы | E51: К= | F51: 1.05 | G51: , общ. указ. п. 13, табл. 6, § 3 | H51: =J50 -> 11.97 | I51: =F51 -> 1.05 | J51: =ROUND(H51*I51,2) -> 12.57
B52: обработка данных на ЭВМ | E52: К= | F52: 1.15 | G52: , общ. указ. п. 15 | H52: 6.29 | I52: =F52 -> 1.15 | J52: =ROUND(H52*I52,2) -> 7.23
B53: коэф. перевода в 1991 г. | E53: Письмо ГС 21-Д от 25.12.90г. | J53: =H53*I53 -> 0
E54: К= | F54: 1.5 | H54: 7.23 | I54: =F54 -> 1.5 | J54: =ROUND(H54*I54,2) -> 10.85
A55: 2 | B55: Измерение разности
B56: потенциалов самопишущим
B57: прибором
B58: N= | C58: =4*2 -> 8 | D58: шт. - кол-во | E58: С= | F58: 17 | G58: , табл. 283, § 2 | H58: =F58 -> 17 | I58: =C58 -> 8 | J58: =ROUND(H58*I58,2) -> 136
B59: выплата полев. довольствия | E59: К= | F59: 0.85 | G59: , общ. указ. п. 14 | H59: =J58 -> 136 | I59: =F59 -> 0.85 | J59: =ROUND(H59*I59,2) -> 115.6
B60: неблагоприятный период | E60: К= | F60: 1 | G60: , табл. 2, § 3 | H60: =J59 -> 115.6 | I60: =F60 -> 1 | J60: =ROUND(H60*I60,2) -> 115.6
B61: расходы по внутр. транс-ту | E61: К= | F61: 1.13 | G61: , табл. 4, § 4 | H61: =J60 -> 115.6 | I61: =F61 -> 1.13 | J61: =ROUND(H61*I61,2) -> 130.63 | L61: =0.13*0.7*1.25 -> 0.11375
E62: К= | F62: 0.7 | G62: , общ. указ. п. 8, прим. 4 | H62: =J61 -> 130.63 | I62: =F62 -> 0.7 | J62: =ROUND(H62*I62,2) -> 91.44
E63: К= | F63: 1.25 | G63: , дополнения п. 8 | H63: =J62 -> 91.44 | I63: =F63 -> 1.25 | J63: =ROUND(H63*I63,2) -> 114.3
B64: метрологическое обесп-ние | E64: К= | F64: 1.05 | G64: , дополнения п. 14 | H64: =J63 -> 114.3 | I64: =F64 -> 1.05 | J64: =ROUND(H64*I64,2) -> 120.02
B65: организационные расходы | E65: К= | F65: 1.06 | G65: , общ. указ. п. 13, табл. 6, § 3 | H65: =J64 -> 120.02 | I65: =F65 -> 1.06 | J65: =ROUND(H65*I65,2) -> 127.22
B66: ликвидационные расходы | E66: К= | F66: 1.05 | G66: , общ. указ. п. 13, табл. 6, § 3 | H66: =J65 -> 127.22 | I66: =F66 -> 1.05 | J66: =ROUND(H66*I66,2) -> 133.58
B67: обработка данных на ЭВМ | E67: К= | F67: 1.15 | G67: , общ. указ. п. 15 | H67: =J66 -> 133.58 | I67: =F67 -> 1.15 | J67: =ROUND(H67*I67,2) -> 153.62
B68: коэф. перевода в 1991 г. | E68: Письмо ГС 21-Д от 25.12.90г.
E69: К= | F69: 1.21 | H69: =J67 -> 153.62 | I69: =F69 -> 1.21 | J69: =H69*I69 -> 185.8802
A70: 3 | B70: Составление техотчета
B71: N= | C71: 1 | D71: шт. - кол-во | E71: С= | F71: 300 | G71: , табл. 294, § 8 | H71: =F71 -> 300 | I71: =C71 -> 1 | J71: =ROUND(H71*I71,0) -> 300
B72: коэф. перевода в 1991 г. | E72: Письмо ГС 21-Д от 25.12.90г.
E73: К= | F73: 1.21 | H73: =J71 -> 300 | I73: =F73 -> 1.21 | J73: =ROUND(H73*I73,0) -> 363
E74: К= | F74: 1 | H74: =J73 -> 363 | I74: =F74 -> 1 | J74: =ROUND(H74*I74,0) -> 363
B75: ИТОГО п.п. 1 - 3: | J75: =J74+J69+J54+J40 -> 559.7302
A76: 4 | B76: Повышающий коэффициент | E76: Письмо Минстроя РФ от 29.07.2024 № 43022-ИФ/09
B77: инфляции по п.п. 1-3
B78: в текущих ценах | E78: К= | F78: 69.54 | H78: =J75 -> 559.7302 | I78: =F78 -> 69.54 | J78: =ROUND(H78*I78,2) -> 38923.64
A79: 5 | B79: Плановая и высотная | E79: МРР-3.1.02-23
B80: привязка при расстоянии
B81: между точками
B82: N= | C82: =C43+C58 -> 16 | D82: шт. - кол-во | E82: С= | F82: 112.46 | G82: , табл. 4.4.6.1 § 2 | H82: =F82 -> 112.46 | I82: =C82 -> 16 | J82: =H82*I82 -> 1799.36
E83: К= | F83: 1 | G83: , прим. 1 | H83: =J82 -> 1799.36 | I83: =F83 -> 1 | J83: =H83*I83 -> 1799.36
E84: К= | F84: 0.8 | G84: , прим. 3 | H84: =J83 -> 1799.36 | I84: =F84 -> 0.8 | J84: =ROUND(H84*I84,2) -> 1439.49
B85: неблагоприятный период | E85: К= | F85: 1 | G85: , Гл.2 таб.2.1 §1 | H85: =J83 -> 1799.36 | I85: =F85 -> 1 | J85: =ROUND(H85*I85,2) -> 1799.36
B86: расходы по внутр. транс-ту | E86: К= | F86: 1.1625 | G86: , Гл.2 таб.2.2 §4 | H86: =J84 -> 1439.49 | I86: =F86 -> 1.1625 | J86: =ROUND(H86*I86,2) -> 1673.41
E87: К= | F87: 1 | G87: , общ. указ. п. 8, прим. 4 | H87: =J86 -> 1673.41 | I87: =F87 -> 1 | J87: =ROUND(H87*I87,2) -> 1673.41
E88: К= | F88: 1 | G88: , дополнения п. 8 | H88: =J87 -> 1673.41 | I88: =F88 -> 1 | J88: =ROUND(H88*I88,2) -> 1673.41
B89: Расходы по организации и ликвидации работ | E89: К= | F89: 1.15 | G89: , Гл.2 таб.2.3 | H89: =J88 -> 1673.41 | I89: =F89 -> 1.15 | J89: =ROUND(H89*I89,2) -> 1924.42
B90: коэф. перевода в 1991 г. | E90: Письмо ГС 21-Д от 25.12.90г.
E91: К= | F91: 1 | H91: =J89 -> 1924.42 | I91: =F91 -> 1 | J91: =H91*I91 -> 1924.42
A92: 5 | B92: Составление заключения
B93: по материалам изысканий
B94: прошлых лет
B95: N= | C95: 0 | D95: шт. - кол-во | E95: С= | F95: 500 | G95: , табл. 294, § 7 | H95: =F95 -> 500 | I95: =C95 -> 0 | J95: =ROUND(H95*I95,0) -> 0
B96: коэф. перевода в 1991 г. | E96: Письмо ГС 21-Д от 25.12.90г.
E97: К= | F97: 1.21 | H97: =J95 -> 0 | I97: =F97 -> 1.21 | J97: =ROUND(H97*I97,0) -> 0
A98: 5 | B98: Составление техотчета
B99: N= | C99: 0 | D99: шт. - кол-во | E99: С= | F99: 300 | G99: , табл. 294, § 8 | H99: =F99 -> 300 | I99: =C99 -> 0 | J99: =ROUND(H99*I99,0) -> 0
B100: коэф. перевода в 1991 г. | E100: Письмо ГС 21-Д от 25.12.90г.
E101: К= | F101: 1.21 | H101: =J99 -> 0 | I101: =F101 -> 1.21 | J101: =ROUND(H101*I101,0) -> 0
E102: К= | F102: 0.8 | H102: =J101 -> 0 | I102: =F102 -> 0.8 | J102: =ROUND(H102*I102,0) -> 0
A103: 4 | B103: Составление программы
B104: изысканий
B105: N= | C105: 0 | D105: шт. - кол-во | E105: С= | F105: 100 | G105: , табл. 294, § 1 | H105: =F105 -> 100 | I105: =C105 -> 0 | J105: =ROUND(H105*I105,0) -> 0
...

Sheet ОДД 
G1: Приложение №1.4
G2: к ПНМЦД | N2: =#REF! -> #REF!
N3: =#REF! -> #REF!
N4: =РП!J28 -> 8.015 | O4: 2 | P4: 2025
A5: Смета №4
C6: на проектные работы по организации дорожного движения
A7: Смета | P7: 1 | Q7: 2 | R7: 3 | S7: 4
A8: =РП!I8 -> на выполнение проектно-изыскательских работ с их сопровождением при прохождении экспертизы по объекту: "Реконструкция газопровода низкого давления по адресу: г. Москва , ЮЗАО, Б.Черемушкинская ул. , д. 20, к. 1-ул. Кржижановского, д. 23, к.6" | O8: 2019 | P8: 3.821 | Q8: 3.865 | R8: 3.91 | S8: 4.138
O9: 2020 | P9: 4.227 | Q9: 4.275 | R9: 4.324 | S9: 4.382
A10: Смета составлена с применением Сборника 6.6 «Проекты организации дорожного движения. МРР-6.6.02-21»,Сборник утвержден и введен в действие приказом Комитета города Москвы по ценовой политике в строительстве и государственной экспертизе проектов от 30 июня 2021 г. № МКЭ-ОД/21-52, с коэфф. пересчета на 4 квартал 2025 года, в соответствии с Приложением к приказу Москомэкспертизы от 26.12.2024г. № МКЭ-ОД/24-185
A11: №№ п/п | B11: Состав работ | C11: Натуральный показатель | D11: Базовая цена на единицу натуральн. показателя, руб. | E11: Кол-во | F11: Коэф-т | G11: Стоимость, руб.
A12: 1 | B12: 2 | C12: 3 | D12: 4 | E12: 5 | F12: 6 | G12: 7
A13: 1 | B13: Изучение и анализ исходной информации и документации | D13: 2525 | E13: 1 | G13: =IF(F13="",D13*E13,D13*E13*F13) -> 2525 | J13: =G13 -> 2525
A14: 2 | B14: Анализ существующей дорожно-транспортной ситуации | J14: =IF((J15+J16+J17)>0,"а",0) -> а
A15: 2.1 | B15: Проведение натурных обследований улично дорожной сети | C15: площадь обследуемой улично-дорожной сети, га | D15: =FIXED(1396,1)&" "&"на 1 га" -> 1 396,0 на 1 га | E15: 0.5 | F15: =IF(E15<=5,1,IF(AND(E15>5,E15<=10),0.9,0.75)) -> 1 | G15: =SUBSTITUTE(D15," на 1 га","")*IF(F15="",E15,E15*F15) -> 698 | J15: =G15 -> 698
A16: 2.2 | B16: Замеры интенсивности движения по направлениям | C16: количество направлений, шт. | D16: =FIXED(262,1)&" "&"на 1 направление" -> 262,0 на 1 направление | E16: 2 | G16: =SUBSTITUTE(D16," на 1 направление","")*IF(F16="",E16,E16*F16) -> 524 | J16: =G16 -> 524
A17: 2.3 | B17: Анализ существующей организации дорожного движения | C17: площадь улично-дорожной сети, га | D17: =FIXED(3044,1)&" "&"на 1 га" -> 3 044,0 на 1 га | E17: =E15 -> 0.5 | F17: =IF(E17<=5,1,IF(AND(E17>5,E17<=10),0.9,0.75)) -> 1 | G17: =SUBSTITUTE(D17," на 1 га","")*IF(F17="",E17,E17*F17) -> 1522 | J17: =G17 -> 1522
A18: 2.4 | B18: Разработка схемы расстановки существующих технических средств организации дорожного движения (ТСОДД) | J18: =IF((#REF!+J20+J22+J23+J24)>0,"а",0) -> #REF!
A19: 2.4.1 | B19: Для инженерного обустройства магистралей и их пересечений | J19: =IF((#REF!+J20+J22+J23)>0,"а",0) -> #REF!
B20: Магистральные улицы районного значения | D20: =FIXED(1167,1)&" "&" на 100 п.м" -> 1 167,0 на 100 п.м | E20: 3 | F20: 1 | G20: =SUBSTITUTE(D20," на 100 п.м","")*IF(F20="",E20,E20*F20) -> 3501 | J20: =G20 -> 3501
B21: Магистральные улицы общегородского значения: | J21: =IF((J22+J23)>0,"а",0) -> 0
B22: II класса | D22: =FIXED(1167,1)&" "&" на 100 п.м" -> 1 167,0 на 100 п.м | F22: 1.15 | G22: =SUBSTITUTE(D22," на 100 п.м","")*IF(F22="",E22,E22*F22) -> 0 | J22: =G22 -> 0
B23: I класса | D23: =FIXED(1167,1)&" "&" на 100 п.м" -> 1 167,0 на 100 п.м | F23: 1.3 | G23: =SUBSTITUTE(D23," на 100 п.м","")*IF(F23="",E23,E23*F23) -> 0 | J23: =G23 -> 0
A24: 2.4.2 | B24: Для транспортных развязок в одном уровне (площадей) | C24: площадь обустраиваемой территории, кв.м. | D24: =FIXED(866,1)&" "&"на 1000 кв.м" -> 866,0 на 1000 кв.м | F24: =IF(E24<=1,1,IF(AND(E24>1,E24<=3),0.8,0.75)) -> 1 | G24: =SUBSTITUTE(D24," на 1000 кв.м","")*IF(F24="",E24,E24*F24) -> 0 | J24: =G24 -> 0
A25: 3 | B25: Разработка проектных решений, выбор рекомендуемого варианта проектирования (вариантные проработки) | D25: 7911 | E25: 1 | G25: =IF(F25="",D25*E25,D25*E25*F25) -> 7911 | J25: =G25 -> 7911
A26: 4 | B26: Разработка проектной документации: | J26: =IF((G27+G30+G31+G33+G34+J35+G36+G37)>0,"а",0) -> а
A27: 4.1 | B27: Размещение въездов-выездов с прилегающих и строительных территорий на улично-дорожную сеть, включенную в площадь проектирования | C27: количество въездов-выездов, шт. | D27: =FIXED(1071,1)&" "&"на 1 въезд-выезд" -> 1 071,0 на 1 въезд-выезд | G27: =SUBSTITUTE(D27," на 1 въезд-выезд","")*IF(F27="",E27,E27*F27) -> 0 | J27: =G27 -> 0
A28: 4.2 | B28: Расстановка дорожных знаков: | J28: =IF((G30+G31+G33+G34+G36+G37+J39)>0,"а",0) -> а
A29: 4.2.1 | B29: Для инженерного обустройства магистралей и их пересечений | J29: =IF((G30+G31+G33+G34)>0,"а",0) -> 0
B30: Улицы и дороги местного значения: | C30: протяженность магистрали районного значения, п.м | D30: =FIXED(1373,1)&" "&" на 100 п.м" -> 1 373,0 на 100 п.м | F30: 0.9 | G30: =SUBSTITUTE(D30," на 100 п.м","")*IF(F30="",E30,E30*F30) -> 0 | J30: =G30 -> 0
B31: Магистральные улицы районного значения | D31: =FIXED(1373,1)&" "&" на 100 п.м" -> 1 373,0 на 100 п.м | F31: 1 | G31: =SUBSTITUTE(D31," на 100 п.м","")*IF(F31="",E31,E31*F31) -> 0 | J31: =G31 -> 0
B32: Магистральные улицы общегородского значения: | J32: =IF((G33+G34)>0,"а",0) -> 0
B33: II класса | D33: =FIXED(1373,1)&" "&" на 100 п.м" -> 1 373,0 на 100 п.м | F33: 1.15 | G33: =SUBSTITUTE(D33," на 100 п.м","")*IF(F33="",E33,E33*F33) -> 0 | J33: =G33 -> 0
B34: I класса | D34: =FIXED(1373,1)&" "&" на 100 п.м" -> 1 373,0 на 100 п.м | F34: 1.3 | G34: =SUBSTITUTE(D34," на 100 п.м","")*IF(F34="",E34,E34*F34) -> 0 | J34: =G34 -> 0
A35: 4.2.2 | B35: Для инженерного обустройства транспортных развязок в одном уровне (площадей) | C35: площадь обустраиваемой территории, кв.м. | D35: =FIXED(1373,1)&" "&"на 1000 кв.м" -> 1 373,0 на 1000 кв.м | F35: =IF(E35<=1,1,IF(AND(E35>1,E35<=3),0.8,0.75)) -> 1 | G35: =SUBSTITUTE(D35," на 1000 кв.м","")*IF(F35="",E35,E35*F35) -> 0 | J35: =G35 -> 0
A36: 4.2.3 | B36: При проведении строительных, ремонтных и изыскательских работ на существующих проезжих частях | C36: количество очередей (захваток), шт. | D36: =FIXED(1019,1)&" "&"на 1 очередь" -> 1 019,0 на 1 очередь | E36: 4 | F36: =IF(E36="","",IF(AND(E36>0,E36<21),1,IF(AND(E36>20,E36<41),0.9,IF(AND(E36>40,E36<61),0.8,0.75)))) -> 1 | G36: =SUBSTITUTE(D36," на 1 очередь","")*IF(F36="",E36,E36*F36) -> 4076 | J36: =G36 -> 4076
A37: 4.2.4 | B37: Для инженерного обустройства площадных объектов | C37: площадь обустраеваимой территории, кв. м | D37: =FIXED(1373,1)&" "&"на 1000 кв.м" -> 1 373,0 на 1000 кв.м | F37: =IF(E37="","",IF(AND(E37>0,E37<10),1,IF(AND(E37>=10,E37<30),0.8,IF(AND(E37>=30,E37<2000),0.75)))) | G37: =SUBSTITUTE(D37," на 1000 кв.м","")*IF(F37="",E37,E37*F37)*IF(F38="",1,F38) -> 0 | J37: =G37 -> 0
B38: Ккор (при расположении зон производства или площадных объектов ближе 70 м к транспортным пересечениям, перекресткам) | F38: =IF(H38=TRUE,1.1,"") | G38: =IF(H38=TRUE,"а","") | H38: FALSE | J38: =IF(F38=1.1,"а",0) -> 0
A39: 4.2.5 | B39: Для инженерного обустройства велодорожек (вне проезжей части) | C39: протяженность велодорожек, п.м | D39: =FIXED(477,1)&" "&" на 100 п.м" -> 477,0 на 100 п.м | G39: =SUBSTITUTE(D39," на 100 п.м","")*IF(F39="",E39,E39*F39) -> 0 | J39: =IF(F39=1.1,"а",0) -> 0
A40: 4.3 | B40: Разработка схемы демонтажных работ | C40: протяженность улично-дорожной сети, п.м. | D40: =FIXED(255,1)&" "&"на 100 п.м" -> 255,0 на 100 п.м | G40: =SUBSTITUTE(D40," на 100 п.м","")*IF(F40="",E40,E40*F40) -> 0 | J40: =G40 -> 0
A41: 4.4 | B41: Разработка схемы нанесения дорожной разметки: | J41: =IF((J43+J44+J46+J47+J48+J49+J50+J51)>0,"а",0) -> а
A42: 4.4.1 | B42: Для инженерного обустройства магистралей и их пересечений; | J42: =IF((J43+J44+J46+J47)>0,"а",0) -> 0
B43: Улицы и дороги местного значения: | C43: протяженность магистрали, п.м | D43: =FIXED(1373,1)&" "&" на 100 п.м" -> 1 373,0 на 100 п.м | E43: 0 | F43: 0.9 | G43: =SUBSTITUTE(D43," на 100 п.м","")*IF(F43="",E43,E43*F43) -> 0 | J43: =G43 -> 0
B44: Магистральные улицы районного значения | D44: =FIXED(1373,1)&" "&" на 100 п.м" -> 1 373,0 на 100 п.м | F44: 1 | G44: =SUBSTITUTE(D44," на 100 п.м","")*IF(F44="",E44,E44*F44) -> 0 | J44: =G44 -> 0
B45: Магистральные улицы общегородского значения: | J45: =IF((J46+J47)>0,"а",0) -> 0
B46: II класса | D46: =FIXED(1373,1)&" "&" на 100 п.м" -> 1 373,0 на 100 п.м | F46: 1.15 | G46: =SUBSTITUTE(D46," на 100 п.м","")*IF(F46="",E46,E46*F46) -> 0 | J46: =G46 -> 0
B47: I класса | D47: =FIXED(1373,1)&" "&" на 100 п.м" -> 1 373,0 на 100 п.м | F47: 1.3 | G47: =SUBSTITUTE(D47," на 100 п.м","")*IF(F47="",E47,E47*F47) -> 0 | J47: =G47 -> 0
A48: 4.4.2 | B48: Для инженерного обустройства транспортных развязок в одном уровне (площадей) | C48: площадь обустраиваемой территории, кв.м. | D48: =FIXED(1019,1)&" "&"на 1000 кв.м" -> 1 019,0 на 1000 кв.м | F48: =IF(E48<=1,1,IF(AND(E48>1,E48<=3),0.8,0.75)) -> 1 | G48: =SUBSTITUTE(D48," на 1000 кв.м","")*IF(F48="",E48,E48*F48) -> 0 | J48: =G48 -> 0
A49: 4.4.3 | B49: При проведении строительных, ремонтных и изыскательских работ на существующих проезжих частях | C49: количество очередей (захваток), шт. | D49: =FIXED(319,1)&" "&"на 1 очередь" -> 319,0 на 1 очередь | E49: 1 | F49: =IF(E49="","",IF(AND(E49>0,E49<21),1,IF(AND(E49>20,E49<41),0.9,IF(AND(E49>40,E49<61),0.8,0.75)))) -> 1 | G49: =SUBSTITUTE(D49," на 1 очередь","")*IF(F49="",E49,E49*F49) -> 319 | J49: =G49 -> 319
A50: 4.4.4 | B50: Для инженерного обустройтва площадных объектов | C50: площадь обустраеваимой территории, кв. м | D50: =FIXED(1019,1)&" "&"на 1000 кв.м" -> 1 019,0 на 1000 кв.м | F50: =IF(E50="","",IF(AND(E50>0,E50<10),1,IF(AND(E50>=10,E50<30),0.8,IF(AND(E50>=30,E50<2000),0.75)))) | G50: =SUBSTITUTE(D50," на 1000 кв.м","")*IF(F50="",E50,E50*F50) -> 0 | J50: =G50 -> 0
A51: 4.4.5 | B51: Для инженерного обустройства велодорожек (вне проезжей части) | C51: протяженность велодорожек, п.м | D51: =FIXED(613,1)&" "&" на 100 п.м" -> 613,0 на 100 п.м | G51: =SUBSTITUTE(D51," на 100 п.м","")*IF(F51="",E51,E51*F51) -> 0 | J51: =G51 -> 0
A52: 4.5 | B52: Размещение и обустройство пешеходных переходов | C52: количество переходов, шт | D52: =FIXED(509,1)&" "&"на 1 переход" -> 509,0 на 1 переход | G52: =SUBSTITUTE(D52," на 1 переход","")*IF(F52="",E52,E52*F52) -> 0 | J52: =G52 -> 0
A53: 4.6 | B53: Размещение остановочных пунктов городского пассажирского транспорта: | G53: =IF(G54>0," "," ") | J53: =IF((G54+G55+G56)>0,"а",0) -> 0
A54: 4.6.1 | B54: Для инженерного обустройства магистрали | C54: количество посадочных площадок, шт | D54: =FIXED(509,1)&" "&"на 1 посадочную площадку" -> 509,0 на 1 посадочную площадку | G54: =SUBSTITUTE(D54," на 1 посадочную площадку","")*IF(F54="",E54,E54*F54) -> 0 | J54: =G54 -> 0
A55: 4.6.2 | B55: Для прокладки инженерных коммуникаций и ремонта дорожной одежды; | D55: =FIXED(509,1)&" "&"на 1 посадочную площадку" -> 509,0 на 1 посадочную площадку | G55: =SUBSTITUTE(D55," на 1 посадочную площадку","")*IF(F55="",E55,E55*F55) -> 0 | J55: =G55 -> 0
A56: 4.6.3 | B56: Для инженерного обустройства площадных объектов | D56: =FIXED(509,1)&" "&"на 1 посадочную площадку" -> 509,0 на 1 посадочную площадку | G56: =SUBSTITUTE(D56," на 1 посадочную площадку","")*IF(F56="",E56,E56*F56) -> 0 | J56: =G56 -> 0
A57: 4.7 | B57: Размещение дорожных ограждений и направляющих устройств для инженерного обустройства магистралей | C57: протяженность ограждения в п.м. | D57: =FIXED(509,1)&" "&"на 100 п. м" -> 509,0 на 100 п. м | E57: 0 | G57: =SUBSTITUTE(D57," на 100 п. м","")*IF(F57="",E57,E57*F57) -> 0 | J57: =G57 -> 0
A58: 4.8 | B58: Размещение и обустройство железнодорожных переездов | C58: количество переездов, шт | D58: =FIXED(1939,1)&" "&"на 1 переезд" -> 1 939,0 на 1 переезд | G58: =SUBSTITUTE(D58," на 1 переезд","")*IF(F58="",E58,E58*F58) -> 0 | J58: =G58 -> 0
A59: 4.9 | B59: Размещение и обустройство искусственных неровностей | C59: количество неровностей, шт | D59: =FIXED(509,1)&" "&"на 1 неровность" -> 509,0 на 1 неровность | G59: =SUBSTITUTE(D59," на 1 неровность","")*IF(F59="",E59,E59*F59) -> 0 | J59: =G59 -> 0
A60: 4.10 | B60: Разработка схемы организации движения пешеходов | C60: протяженность маршрута, п.м | D60: =FIXED(628,1)&" "&"на 100 п. м" -> 628,0 на 100 п. м | G60: =SUBSTITUTE(D60," на 100 п. м","")*IF(F60="",E60,E60*F60) -> 0 | J60: =G60 -> 0
A61: 4.11 | B61: Разработка схемы организации движения велосипедистов | C61: протяженность маршрута, п.м | D61: =FIXED(907,1)&" "&"на 100 п. м" -> 907,0 на 100 п. м | G61: =SUBSTITUTE(D61," на 100 п. м","")*IF(F61="",E61,E61*F61) -> 0 | J61: =G61 -> 0
A62: 4.12 | B62: Разработка маршрутов движения грузового транспорта | C62: протяженность маршрута, п.м | D62: =FIXED(434,1)&" "&"на 100 п. м" -> 434,0 на 100 п. м | G62: =SUBSTITUTE(D62," на 100 п. м","")*IF(F62="",E62,E62*F62) -> 0 | J62: =G62 -> 0
A63: 4.13 | B63: Предложения по размещению и обустройству локальных мероприятий по изменению геометрических параметров проезжей части (уширения, заездные карманы и т.д.) | J63: =IF((J64+#REF!+J66+J67)>0,"а",0) -> #REF!
B64: Улицы и дороги местного значения: | C64: протяженность обустраиваемых участков, п.м | D64: =FIXED(1605,1)&" "&" на 100 п.м" -> 1 605,0 на 100 п.м | E64: 0 | F64: 0.9 | G64: =SUBSTITUTE(D64," на 100 п.м","")*IF(F64="",E64,E64*F64) -> 0 | J64: =G64 -> 0
B65: Магистральные улицы общегородского значения: | J65: =IF((J66+J67)>0,"а",0) -> 0
B66: II класса | D66: =FIXED(1605,1)&" "&" на 100 п.м" -> 1 605,0 на 100 п.м | F66: 1.15 | G66: =SUBSTITUTE(D66," на 100 п.м","")*IF(F66="",E66,E66*F66) -> 0 | J66: =G66 -> 0
B67: I класса | D67: =FIXED(1605,1)&" "&" на 100 п.м" -> 1 605,0 на 100 п.м | F67: 1.3 | G67: =SUBSTITUTE(D67," на 100 п.м","")*IF(F67="",E67,E67*F67) -> 0 | J67: =G67 -> 0
A68: 4.14 | B68: Размещение строительных ограждений и оборудования, обеспечивающего безопасные пешеходные пути | C68: протяженность ограждения в п.м. | D68: =FIXED(231,1)&" "&"на 100 п. м" -> 231,0 на 100 п. м | G68: =SUBSTITUTE(D68," на 100 п. м","")*IF(F68="",E68,E68*F68) -> 0 | J68: =G68 -> 0
A69: 4.15 | B69: Проектирование эскизов информа-ционных дорожных знаков индивидуального проектирования или информационных щитов и способов их установки | C69: количество до-рожных знаков индивидуального проектирования | D69: =FIXED(641,1)&" "&"на 1 знак" -> 641,0 на 1 знак | G69: =SUBSTITUTE(D69," на 1 знак","")*IF(F69="",E69,E69*F69) -> 0 | J69: =G69 -> 0
A70: 4.16 | B70: Расчет количества машино-мест для приобъектных автомобильных стоянок | D70: 1262 | G70: =IF(F70="",D70*E70,D70*E70*F70) -> 0 | J70: =G70 -> 0
A71: 4.17 | B71: Размещение автомобильных приобъектных стоянок и проектирование схем расстановки автомобилей | C71: площадь автостоянок в кв. м | D71: =FIXED(1262,1)&" "&"на 1000 кв. м" -> 1 262,0 на 1000 кв. м | G71: =SUBSTITUTE(D71," на 1000 кв. м","")*IF(F71="",E71,E71*F71) -> 0 | J71: =G71 -> 0
A72: 4.18 | B72: Разработка схем маршрутов объездов по УДС города при закрытии сквозных проездов | C72: протяженность маршрута, п. м | D72: =FIXED(434,1)&" "&"на 100 п. м" -> 434,0 на 100 п. м | E72: 0 | G72: =SUBSTITUTE(D72," на 100 п. м","")*IF(F72="",E72,E72*F72) -> 0 | J72: =G72 -> 0
A73: 4.19 | B73: Разработка схемы маршрута подъезда строительных машин к объекту строительства и путей следования пешеходов | C73: протяженность маршрута, п. м | D73: =FIXED(434,1)&" "&"на 100 п. м" -> 434,0 на 100 п. м | G73: =SUBSTITUTE(D73," на 100 п. м","")*IF(F73="",E73,E73*F73) -> 0 | J73: =G73 -> 0
A74: =IF($H$10=TRUE,"Итого в ценах 1998 года:","Итого в ценах 2000 года:") -> Итого в ценах 2000 года: | G74: =SUM(G13:G72) -> 21076
A75: Сокращение сроков | C75: раз | F75: =LOOKUP(D75,[110]Коэффициенты!A1:A6,[110]Коэффициенты!B1:B6) | I75: =IF(F75=" ",G74,G74*F75) -> 21076 | J75: =F75
F76: 8.015 | I76: =IF(F76>0,G74*F76,G74) -> 168924.14
A77: с коэфф. пересчета на 4 квартал 2025 года в соответствии с Приложением к приказу Москомэкспертизы от 26.12.2024г. № МКЭ-ОД/24-185
A78: Всего | G78: =G74*F76 -> 168924.14 | I78: сто тридцать девять тысяч сто восемьдесят девять
I82: А.П. Свинцова
I86: Л.В. Буланова

Sheet ПД
S1: Приложение №1.5
S2: к ПНМЦД
A6: СМЕТА № 5
A7: на проектные работы по дендрологии
A8: =РП!I8 -> на выполнение проектно-изыскательских работ с их сопровождением при прохождении экспертизы по объекту: "Реконструкция газопровода низкого давления по адресу: г. Москва , ЮЗАО, Б.Черемушкинская ул. , д. 20, к. 1-ул. Кржижановского, д. 23, к.6"
A10: Заказчик: | E10: АО "Мосгаз"
A11: Проектная организация:
A13: Смета составлена с применением Сборника 6.1 «Мероприятия по охране окружающей среды. МРР-6.1.02-19», утвержденного и введенного в действие приказом Москомэкспертизы от 28.06.2019 № МКЭ-ОД/19-41, с коэфф. пересчета на 4 квартал 2025 года в соответствии с Приложением к приказу Москомэкспертизы от 26.12.2024г. № МКЭ-ОД/24-185
A15: Коэффициенты пересчёта в текущие цены:
C16: Кпер | D16: = | E16: 8.015 | G16: ='АЗ (2)'!F212 -> с коэфф. пересчета на 4 квартал 2025 года в соответствии с Приложением к приказу Москомэкспертизы от 26.12.2024г. № МКЭ-ОД/24-185
A18: №№ п/п | B18: Характеристика сооружений или видов работ | F18: №№ частей, глав, таблиц, пунктов указаний к разделам нормативного сборника | J18: Расчет стоимости | S18: Стоимость, руб.
F19: К1= | G19: 0.75 | H19: пл.до 0,5га п.6.5 | J19: Приведение численности кустарников к деревьям
A20: =1 -> 1 | B20: Исходные данные: | F20: К2= | G20: 0.85 | H20: пл.от 0,5 до 0,99га | J20: =E27 -> 127 | K20: / | L20: 5 | M20: = | N20: =J20/L20 -> 25.4 | O20: усл. деревьев
F21: К3= | G21: Sобсл | H21: пл.св.1 до 20га | J21: Всего условных деревьев
B22: Sобсл = | C22: =(2100-200)*10/10000 -> 1.9 | E22: га | F22: К4= | G22: 0.9 | H22: пл.от 20 до 50га | J22: =E26 -> 84 | K22: + | L22: =N20 -> 25.4 | M22: = | N22: =J22+L22 -> 109.4 | O22: усл. дерева
F23: К5= | G23: 0.8 | H23: пл. свыше 50га | J23: На 1 га приходится условное количество деревьев
B24: Категория сложности: | F24: К6= | G24: 0.7 | H24: таб.1.1 прим.п.2 | J24: =N22 -> 109.4 | K24: / | L24: =C22 -> 1.9 | M24: = | N24: =J24/L24 -> 57.578947
C25: 2 | F25: Кзим= | G25: 1.15 | H25: т.47 прим.1(20.10-31.03) | J25: =N24 -> 57.578947 | K25: - | L25: 150 | M25: = | N25: =J25-L25 -> -92.421053 | O25: допол. дерева
B26: Количество деревьев= | E26: 84 | I26: для III кат. | J26: На доп. 50 деревьев приходится цена 1 базовой категории
B27: Количество кустарников= | E27: 127
J28: =N25 -> -92.421053 | K28: / | L28: 50 | M28: = | N28: =ROUND(J28/L28,0) -> -2 | O28: - количество используемых базовых цен (С)
A31: 2 | B31: Первичное обследование территории, составление инвентаризационного плана и инвентаризационной ведомости Полевые работы | F31: Базовые цены (в зависимости от категории сложности): | J31: Ст = Цб3 х К3 х Кпер
F33: таблица 2.1
F34: І категория | H34: 4527 | L34: Цб3 | N34: к3
F35: ІІ категория | H35: 6790 | J35: Ст = | L35: =H34 -> 4527 | M35: х | N35: =C22 -> 1.9 | O35: х | P35: =E16 -> 8.015 | Q35: = | S35: =L35*N35*P35*0 -> 0
F36: ІІІ категория | H36: 9053
A38: 3 | B38: Первичное обследование территории, составление инвентаризационного плана и инвентаризационной ведомости Камеральные работы | F38: Базовые цены (в зависимости от категории сложности): | J38: Ст = Цб3 х К3 х Кпер
F40: таблица 2.2
F41: І категория | H41: 2829 | L41: Цб3 | N41: К2
F42: ІІ категория | H42: 5280 | J42: Ст = | L42: =H41 -> 2829 | M42: х | N42: =N35 -> 1.9 | O42: х | P42: =E16 -> 8.015 | Q42: = | S42: =L42*N42*P42*0 -> 0
F43: ІІІ категория | H43: 7356
A45: 2 | B45: Составление заключения по составу инвентаризационного плана | F45: Базовые цены (в зависимости от категории сложности): | J45: Ст = Цб3 х К3 х Кпер
F47: таблица 47
F48: І категория | H48: 680 | L48: Цб3 | N48: =G21 -> Sобсл | T48: принять на площадь объекта
F49: ІІ категория | H49: 1697 | J49: Ст = | L49: =H49 -> 1697 | M49: х | N49: =C22 -> 1.9 | O49: х | P49: =E16 -> 8.015 | Q49: = | S49: =L49*N49*P49 -> 25842.765 | T49: 1,32 га
F50: ІІІ категория | H50: 2038
A52: 3 | B52: Обследование участка для разработки дендроплана и составление перечетной ведомости | F52: Базовые цены (в зависимости от категории сложности): | J52: Ст = Цб3 х К3 х Кпер
F54: таблица 48
F55: І категория | H55: 2371 | L55: Цб3 | N55: =N48 -> Sобсл
F56: ІІ категория | H56: 5030 | J56: Ст = | L56: =H56 -> 5030 | M56: х | N56: =N49 -> 1.9 | O56: х | P56: =E16 -> 8.015 | Q56: = | S56: =L56*N56*P56 -> 76599.355
F57: ІІІ категория | H57: 8099
A59: 4 | B59: Разработка рекомендаций по уточнению проектных решений в результате обследования участка | F59: Базовые цены (в зависимости от категории сложности): | J59: Ст = Цб3 х К3 х Кпер
F61: таблица 49
F62: І категория | H62: 680 | L62: Цб3 | N62: =N48 -> Sобсл
F63: ІІ категория | H63: 1697 | J63: Ст = | L63: =H63 -> 1697 | M63: х | N63: =N49 -> 1.9 | O63: х | P63: =E16 -> 8.015 | Q63: = | S63: =L63*N63*P63 -> 25842.765
F64: ІІІ категория | H64: 2038
A66: 5 | B66: Разработка дендроплана | F66: Базовые цены (в зависимости от категории сложности): | J66: Ст = Цб3 х К3 х Кпер
F68: таблица 50
F69: І категория | H69: 1358 | L69: Цб3 | N69: =N48 -> Sобсл
F70: ІІ категория | H70: 2207 | J70: Ст = | L70: =H70 -> 2207 | M70: х | N70: =N49 -> 1.9 | O70: х | P70: =E16 -> 8.015 | Q70: = | S70: =L70*N70*P70 -> 33609.3
F71: ІІІ категория | H71: 2495
A73: 6 | B73: Составление перечетной ведомости | F73: Базовые цены (в зависимости от категории сложности): | J73: Ст = Цб3 х К3 х Кпер
F75: таблица 51
F76: І категория | H76: 1527 | L76: Цб3 | N76: =N48 -> Sобсл
F77: ІІ категория | H77: 2546 | J77: Ст = | L77: =H77 -> 2546 | M77: х | N77: =N49 -> 1.9 | O77: х | P77: =E16 -> 8.015 | Q77: = | S77: =L77*N77*P77 -> 38771.761
F78: ІІІ категория | H78: 4074
A81: 7 | B81: Природный комплекс ПК №1-ЗелАО
A82: 8 | B82: Составление заключения по составу инвентаризационного плана | F82: Базовые цены (в зависимости от категории сложности): | J82: Ст = Цб3 х К3 х Кпер
F84: таблица 47 | T84: искл
F85: І категория | H85: 680 | L85: Цб3 | N85: К2
F86: ІІ категория | H86: 1697 | J86: Ст = | L86: =H85 -> 680 | M86: х | N86: 0.5 | O86: х | P86: =$E$16 -> 8.015 | Q86: = | S86: =L86*N86*P86*0 -> 0
F87: ІІІ категория | H87: 2038 | T87: Поправила
A89: 9 | B89: Обследование участка для разработки дендроплана и составление перечетной ведомости | F89: Базовые цены (в зависимости от категории сложности): | J89: Ст = Цб3 х К3 х Кпер
F91: таблица 48
F92: І категория | H92: 2371 | L92: Цб3 | N92: =N85 -> К2
F93: ІІ категория | H93: 5030 | J93: Ст = | L93: =H92 -> 2371 | M93: х | N93: =N86 -> 0.5 | O93: х | P93: =$E$16 -> 8.015 | Q93: = | S93: =L93*N93*P93*0 -> 0
F94: ІІІ категория | H94: 8099
A96: 10 | B96: Разработка рекомендаций по уточнению проектных решений в результате обследования участка | F96: Базовые цены (в зависимости от категории сложности): | J96: Ст = Цб3 х К3 х Кпер
F98: таблица 49
F99: І категория | H99: 680 | L99: Цб3 | N99: =N85 -> К2
F100: ІІ категория | H100: 1697 | J100: Ст = | L100: =H99 -> 680 | M100: х | N100: =N86 -> 0.5 | O100: х | P100: =$E$16 -> 8.015 | Q100: = | S100: =L100*N100*P100*0 -> 0
F101: ІІІ категория | H101: 2038
A103: 11 | B103: Природный комплекс ПК №VII
A104: 12 | B104: Составление заключения по составу инвентаризационного плана | F104: Базовые цены (в зависимости от категории сложности): | J104: Ст = Цб3 х К3 х Кпер
F106: таблица 47
F107: І категория | H107: 680 | L107: Цб3 | N107: К2
F108: ІІ категория | H108: 1697 | J108: Ст = | L108: =H107 -> 680 | M108: х | N108: 0.5 | O108: х | P108: =$E$16 -> 8.015 | Q108: = | S108: =L108*N108*P108*0 -> 0
F109: ІІІ категория | H109: 2038
A111: 13 | B111: Обследование участка для разработки дендроплана и составление перечетной ведомости | F111: Базовые цены (в зависимости от категории сложности): | J111: Ст = Цб3 х К3 х Кпер
F113: таблица 48
F114: І категория | H114: 2371 | L114: Цб3 | N114: =N107 -> К2
F115: ІІ категория | H115: 5030 | J115: Ст = | L115: =H114 -> 2371 | M115: х | N115: =N108 -> 0.5 | O115: х | P115: =$E$16 -> 8.015 | Q115: = | S115: =L115*N115*P115*0 -> 0
F116: ІІІ категория | H116: 8099
A118: 14 | B118: Разработка рекомендаций по уточнению проектных решений в результате обследования участка | F118: Базовые цены (в зависимости от категории сложности): | J118: Ст = Цб3 х К3 х Кпер
F120: таблица 49
F121: І категория | H121: 680 | L121: Цб3 | N121: =N107 -> К2
F122: ІІ категория | H122: 1697 | J122: Ст = | L122: =H121 -> 680 | M122: х | N122: =N108 -> 0.5 | O122: х | P122: =$E$16 -> 8.015 | Q122: = | S122: =L122*N122*P122*0 -> 0
F123: ІІІ категория | H123: 2038
A125: 7 | B125: Разработка проекта компенсационного озеленения и пересадки зеленых насаждени | F125: Базовые цены (в зависимости от категории сложности): | J125: Ст = Цб3 х К3 х Кпер
F127: таблица 61
F128: от 1 до 3
F129: а | H129: 19000 | J129: Ст = | M129: =(H129+H130*C22) -> 34200 | N129: х | P129: =E16 -> 8.015 | Q129: = | S129: =M129*P129 -> 274113
F130: в | H130: 8000
B132: таб.61
B133: ИТОГО: | S133: =SUM(S45:S132) -> 474778.94

Sheet БО
N1: Приложение №1.6
N2: к ПНМЦД
A5: С М Е Т А № 6
A6: на проектные работы по благоустройству и озеленению
B8: Наименование предприятия, здания, сооружения, стадии проектирования, этапа, вида проектных и изыскательских работ | H8: =ГОЧС!H9 -> на выполнение проектно-изыскательских работ с их сопровождением при прохождении экспертизы по объекту: "Реконструкция газопровода низкого давления по адресу: г. Москва , ЮЗАО, Б.Черемушкинская ул. , д. 20, к. 1-ул. Кржижановского, д. 23, к.6"
B13: Наименование проектной организации
B15: Наименование организации заказчика | H15: АО "МОСГАЗ" | Q15: 0.4 | R15: п.д. | S15: х | T15: а | U15: в
A17: Смета составлена с применением Сборника 7.1 «Комплексное благоустройство территорий, крыш зданий и других искусственных оснований. МРР-7.1.03-21», утвержденного и введенного в действие приказом Москомэкспертизы от 31.03.2021 № МКЭ-ОД/21-30, с коэфф. пересчета на 4 квартал 2025 года, в соответствии с Приложением к приказу Москомэкспертизы от 26.12.2024г. № МКЭ-ОД/24-185 | Q17: 0.6 | R17: р.д. | S17: до 1 | T17: 112200 | U17: -
Q18: 1 | R18: р.п. | S18: от 1 до 5 | T18: 14000 | U18: 98200
A19: №№ п/п | B19: Характеристика предприятия, здания, сооружения или виды работ | F19: Обоснование стоимости | I19: Расчет стоимости | N19: Стоимость в рублях | S19: от 5 до 10 | T19: 110000 | U19: 79000
S20: от 10 до 15 | T20: 260000 | U20: 64000
S21: от 15 до 20 | T21: 320000 | U21: 60000
A22: 1 | B22: 2 | F22: 3 | I22: 4 | N22: 5 | S22: от 20 до 30 | T22: 410000 | U22: 55500
S23: от 30 до 40 | T23: 785000 | U23: 43000
A24: 1 | B24: Восстановление благоустройства | F24: МРР-7.1.03-21 | I24: ( | J24: =C28 -> 8000 | K24: + | L24: =C29 -> 44000 | M24: * | N24: =(J24+L24*J25)*J26*L26 -> 154176.54 | S24: свыше 40 | T24: 2505000 | U24: -
B25: территории | F25: гл.3 табл. 2.2.1 п 11 | I25: =IF(D26>=1,"*"," ") -> * | J25: =D26 -> 1.9 | K25: )* | L25: =F26 -> 1 | M25: *
B26: х= | D26: =ПД!C22 -> 1.9 | E26: га | F26: =IF(H26="п.д.",0.4,IF(H26="р.д.",0.6,1)) -> 1 | G26: - | H26: р.п. | I26: * | J26: =F28 -> 8.015 | K26: * | L26: =F27 -> 0.21
F27: =0.24*0+0.1+0.05+0.06 -> 0.21 | H27: т.2.2.3 п.4.11 | K27: =IF(C25>=0.6,"*","")
B28: а | C28: 8000 | F28: 8.015 | G28: - | H28: К инфл. | I28: =IF(C27>600,"*","") | S28: в | T28: =L24 -> 44000 | U28: =IF(T28=" ",1,T28) -> 44000
B29: в | C29: 44000 | S29: га | T29: =J25 -> 1.9 | U29: =IF(T29=" ",1,T29) -> 1.9
G30: =IF(C27>600,"-","") | H30: =IF(C27>600,"табл.3.10.2 п.3","")
B36: И Т О Г О : | N36: =SUM(N24:N35) -> 154176.54

Sheet ГОЧС
K1: Приложение №2.6
K2: к Техническому заданию №
K3: "___"_____________ ________
A6: С М Е Т А № 6
A7: Мероприятия по гражданской обороне и предупреждению чрезвычайных ситуаций природного и техногенного характера (МРР-6.3-16)
B9: Наименование предприятия, здания, сооружения, стадии проектирования, этапа, вида проектных и изыскательских работ | H9: =Сводная!A7 -> на выполнение проектно-изыскательских работ с их сопровождением при прохождении экспертизы по объекту: "Реконструкция газопровода низкого давления по адресу: г. Москва , ЮЗАО, Б.Черемушкинская ул. , д. 20, к. 1-ул. Кржижановского, д. 23, к.6"
B14: Наименование проектной организации
B16: Наименование организации заказчика | H16: АО "МОСГАЗ" | Q16: 0.4 | R16: п.д. | S16: х | T16: а | U16: в
A17: Смета составлена на основании Сборника 6.3 "Перечень мероприятий по гражданской обороне, мероприятий по предупреждению чрезвычайных ситуаций природного и техногенного характера МРР-6.3-16", Сборник утвержден и введен в действие с 9 января 2017 г. приказом Комитета города Москвы по ценовой политике в строительстве и государственной экспертизе проектов от 29 декабря 2016 г. No МКЭ-ОД/16-75, с коэфф. пересчета на 1 квартал 2024 года, в соответствии с Приложением к приказу Москомэкспертизы от 21.12.2023 № МКЭ-ОД/23-142
Q18: 1 | R18: р.п. | S18: от 1 до 5 | T18: 14000 | U18: 98200
A19: №№ п/п | B19: Характеристика предприятия, здания, сооружения или виды работ | F19: Обоснование стоимости | I19: Расчет стоимости | N19: Стоимость в рублях | S19: от 5 до 10 | T19: 110000 | U19: 79000
S20: от 10 до 15 | T20: 260000 | U20: 64000
S21: от 15 до 20 | T21: 320000 | U21: 60000
A22: 1 | B22: 2 | F22: 3 | I22: 4 | N22: 5 | S22: от 20 до 30 | T22: 410000 | U22: 55500
S23: от 30 до 40 | T23: 785000 | U23: 43000
A24: 1 | B24: Мероприятия по гражданской обороне, по предупреждению чрезвычайных ситуаций природного и техногенного характера | F24: СБЦ МРР-6.3-16 | I24: =IF(D26<1," ","(") | J24: 69970 | K24: * | L24: =F27 -> 1.3 | M24: =IF(D26>=1,"*"," ") | N24: =J24*L24*J25*L25*L26*J26 -> 595635.82 | S24: свыше 40 | T24: 2505000 | U24: -
F25: гл.2 п. 2.2. | I25: =IF(D26>=1,"*"," ") | J25: =F30 -> 1 | K25: =IF(D26>=1,") *","*") -> * | L25: =F26 -> 0.95 | M25: *
F26: 0.95 | G26: - | H26: Кист.ЧС | I26: * | J26: =F28 -> 0.86 | K26: * | L26: =F29 -> 8.015
F27: 1.3 | G27: - | H27: кат.сложн | K27: =IF(C25>=0.6,"*","")
F28: 0.86 | H28: К5
F29: =РП!J28 -> 8.015 | G29: - | H29: К инфл. | I29: =IF(C27>600,"*","") | S29: в | T29: =L24 -> 1.3 | U29: =IF(T29=" ",1,T29) -> 1.3
F30: 1 | H30: т.4п.2 | S30: га | T30: =J25 -> 1 | U30: =IF(T30=" ",1,T30) -> 1
A33: 2 | B33: Оценка риска чрезвычайных ситуаций, обусловленных авариями на проектируемом объекте | F33: СБЦ МРР-6.3-16 | I33: =IF(D35<1," ","(") | J33: 21000 | K33: * | L33: =F35 -> 8.015 | M33: =IF(D35>=1,"*"," ") | N33: =J33*L33 -> 168315 | S33: свыше 40 | T33: 2505000 | U33: -
F34: гл.2 т.7 | I34: =IF(D35>=1,"*"," ")
F35: =F29 -> 8.015 | G35: - | H35: К инфл.
K36: =IF(C34>=0.6,"*","")
G41: =IF(C27>600,"-","") | H41: =IF(C27>600,"табл.3.10.2 п.3","")
B42: И Т О Г О : | N42: =SUM(N24:N41)*0 -> 0
B46: Составил :
B48: Ведущий инженер технического отдела УКС | L48: А.П. Свинцова
B50: Объем подтвержден:
B51: Начальник технического отдела УКС | L51: Л.В. Буланова

Sheet ИЭИ
K1: Приложение №1.7
K2: к ПНМЦД
B5: Смета №7
B6: на выполнение инженерно-экологических изысканий
B7: на выполнение инженерно-экологических изысканий по объекту: Реконструкция газопровода низкого давления по адресу: г. Москва , ЮЗАО, Б.Черемушкинская ул. , д. 20, к. 1-ул. Кржижановского, д. 23, к.6
B8: №№ ПП | C8: ХАРАКТЕРИСТИКА ПРОЕКТИРУЕМОГО ОБЪЕКТА ИЛИ ВИДА РАБОТ | D8: ОСНОВАНИЕ СТОИМОСТИ: СБОРНИК ЦЕН НА ПИР | E8: ЕДЕНИЦА ИЗМЕРЕНИЙ | F8: РАСЧЕТ СТОИМОСТИ | K8: СТОИМОСТЬ, РУБ.
F9: Объем работ | G9: Цена | H9: Коэфф. на полевые работы | I9: Корректирующий коэф. | J9: Корректирующий коэф.
B10: 1 | C10: 2 | D10: 3 | E10: 4 | F10: 5 | K10: 6
B11: Смета составлена с применением Сборник 3.3 «Инженерно-экологические изыскания. МРР-3.3.02-23», утвержденного и введенного в действие приказом Москомэкспертизы от 25.12.2023 № МКЭ-ОД/23-149, с коэфф. пересчета на 4 квартал 2025 года в соответствии с Приложением к приказу Москомэкспертизы от 26.12.2024г. № МКЭ-ОД/24-185
B12: 1. | C12: ПОЛЕВЫЕ РАБОТЫ
B13: 1.1. | C13: Базовые цены на маршрутные наблюдения. Наблюдения при передвижении по маршруту при составлении инженерно- экологической карты в масштабе: 1:2000 - 1:1000, при хорошей категории проходимости | D13: гл.3, т.3.2.1, п.4 | E13: 1 км | F13: 2.1 | G13: 164.13 | I13: 1.3 | J13: 0.6 | K13: =F13*G13*I13*J13 -> 268.84494
B14: 1.2. | C14: Базовые цены на отбор точечных проб для анализа на загрязненность по хим.показателям, почво-грунтов (методами конверта, по диагонали и т.п.) Обьединенная проба. | D14: гл.4, т.4.1, п.4, пр.1 | E14: 1 проба | F14: 14 | G14: 69.48 | I14: 5 | J14: 0.9 | K14: =F14*G14*I14*J14 -> 4377.24
B15: 1.3. | C15: Базовые цены на отбор точечных проб для бактериологического анализа, почво-грунтов с одной продной площадки | D15: гл.4, т.4.1, п.8 | E15: 1 проба | F15: 14 | G15: 379.61 | K15: =F15*G15 -> 5314.54
B16: 1.4. | C16: Базовые цены на отбор точечных проб для гельминтологического анализа, почво-грунтов с одной продной площадки | D16: гл.4, т.4.1, п.8, пр.4 | E16: 1 проба | F16: 14 | G16: 379.61 | I16: 0.9 | K16: =F16*G16*I16 -> 4783.086
B17: 1.5. | C17: Базовые цены на отбор точечных проб для анализа на загрязненность по хим.показателям, почво-грунтов (методами конверта, по диагонали и т.п.) | D17: гл.4, т.4.1, п.4 | E17: 1 проба | F17: 49 | G17: 69.48 | K17: =F17*G17 -> 3404.52
B18: 1.6. | C18: Базовые цены на отбор точечных проб для анализа на загрязненность по хим.показателям, почво-грунтов (методами конверта, по диагонали и т.п.) Радиоактивное загрязнение проб. | D18: гл.4, т.4.1, п.4, пр.2 | E18: 1 проба | F18: =F17+F14 -> 63 | G18: 69.48 | H18: 5 | I18: 0.9 | J18: 1.2 | K18: =F18*G18*H18*I18*J18 -> 23637.096
C19: Итого полевых работ по МРР: | K19: =SUM(K13:K18) -> 41785.327
B20: 2. | C20: Нормативные расходов по внутреннему транспорту | D20: гл.2, т.2.2, п.4 | E20: % | F20: 16.25 | G20: =K19 -> 41785.327 | K20: =G20/100*F20 -> 6790.1156
B21: 3. | C21: Нормативные расходов по организации и ликвидации работ | D21: гл.2, т.2.3 | E21: % | F21: 12 | G21: =K19+K20 -> 48575.443 | K21: =G21/100*F21 -> 5829.0531
B22: 4. | C22: ЛАБОРАТОРНЫЕ ИССЛЕДОВАНИЯ
B23: 4.1. | C23: Приготовление солянокислой вытяжки | D23: гл.5, т.5.1, п.84 | E23: 1 образец | F23: 49 | G23: 100.69 | K23: =F23*G23 -> 4933.81
B24: 4.2. | C24: Водородный показатель рН водной или солевой вытяжки электриметрическим методом | D24: гл.5, т.5.1, п.14 | E24: 1 образец | F24: 49 | G24: 23.69 | K24: =F24*G24 -> 1160.81
B25: 4.3. | C25: Определение нефтяных углеводородов хроматографическим методом | D25: гл.5, т.5.1, п.63 | E25: 1 образец | F25: 49 | G25: 233.37 | K25: =F25*G25 -> 11435.13
B26: 4.4. | C26: Определение полициклических ароматических углеводородов хроматографическим методом | D26: гл.5, т.5.1, п.66 | E26: 1 образец | F26: 49 | G26: 1134.87 | K26: =F26*G26 -> 55608.63
B27: 4.5. | C27: Определение солей тяжелых металлов без пробоподготовки - методом атомной абсорбции (1 металл) Pb | D27: гл.5, т.5.1, п.57 | E27: 1 образец | F27: 49 | G27: 92.4 | K27: =F27*G27 -> 4527.6
B28: 4.6. | C28: Определение солей тяжелых металлов без пробоподготовки - методом атомной абсорбции (1 металл) Cd | D28: гл.5, т.5.1, п.57 | E28: 1 образец | F28: 49 | G28: 92.4 | K28: =F28*G28 -> 4527.6
B29: 4.7. | C29: Определение солей тяжелых металлов без пробоподготовки - методом атомной абсорбции (1 металл) Сu | D29: гл.5, т.5.1, п.57 | E29: 1 образец | F29: 49 | G29: 92.4 | K29: =F29*G29 -> 4527.6
B30: 4.8. | C30: Определение солей тяжелых металлов без пробоподготовки - методом атомной абсорбции (1 металл) Zn | D30: гл.5, т.5.1, п.57 | E30: 1 образец | F30: 49 | G30: 92.4 | K30: =F30*G30 -> 4527.6
B31: 4.9. | C31: Определение солей тяжелых металлов без пробоподготовки - методом атомной абсорбции (1 металл) Ni | D31: гл.5, т.5.1, п.57 | E31: 1 образец | F31: 49 | G31: 92.4 | K31: =F31*G31 -> 4527.6
B32: 4.10. | C32: Определение солей тяжелых металлов без пробоподготовки - методом атомной абсорбции (1 металл) As | D32: гл.5, т.5.1, п.57 | E32: 1 образец | F32: 49 | G32: 92.4 | K32: =F32*G32 -> 4527.6
B33: 4.11. | C33: Определение солей тяжелых металлов без пробоподготовки - методом атомной абсорбции с использованием ртутно-гидридной приставки (1 металл) Hg | D33: гл.5, т.5.1, п.59 | E33: 1 образец | F33: 49 | G33: 272.46 | K33: =F33*G33 -> 13350.54
B34: 4.12. | C34: Базовые цены на спектрометрию γ-спектрометрия лабораторно с пробоподготовкой (грунт) | D34: гл.7, т.7.1, п.3 | E34: 1 определение | F34: 49 | G34: 876.62 | K34: =F34*G34 -> 42954.38
... B40: 4.18. | C40: Личинки гельминтов | D40: гл.5, т.5.5, п.3.3 | E40: 1 проба | F40: 14 | G40: 104.59 | K40: =F40*G40 -> 1464.26
C41: Итого лабораторных исследований по МРР | K41: =SUM(K23:K40) -> 168528.5
B42: 5. | C42: КАМЕРАЛЬНЫЕ РАБОТЫ
B43: 5.1. | C43: Базовые цены на составление программы производства работ) Категория сложности II | D43: гл.6, т.6.1.2, п.1 | E43: 1 программа | F43: 1 | G43: 2369.25 | I43: 1.25 | K43: =F43*G43*I43 -> 2961.5625
A44: 3 | B44: 5.2. | C44: Базовые цены на маршрутные наблюдения. Наблюдения при передвижении по маршруту при составлении инженерно- экологической карты в масштабе: 1:2000 - 1:1000, при хорошей категории проходимости | D44: гл.3, т.3.2.1, п.4 | E44: 1 км | F44: =F13 -> 2.1 | G44: 18.95 | I44: 1.3 | K44: =F44*G44*I44 -> 51.7335
B45: 5.3. | C45: Базовые цены на камеральную обработку данных лабораторных работ | D45: гл.6, т.6.2.1, п.1 | E45: % | F45: 12 | G45: =SUM(K23:K34) -> 156608.9 | K45: =G45/100*F45 -> 18793.068
B46: 5.4. | C46: Базовые цены на камеральную обработку химических и бактериологических анализов; микробиологических, паразитологических, токсиколого-гигиенических данных лабораторных работ | D46: гл.6, т.6.2.1, п.3 | E46: % | F46: 20 | G46: =SUM(K35:K40) -> 11919.6 | K46: =G46/100*F46 -> 2383.92
C47: Итого камеральных работ по МРР | K47: =SUM(K43:K46) -> 24190.284
B48: 6. | C48: Базовые цены на составление технического отчета | D48: гл.6, т.6.3.1, п.1 | E48: % | F48: 21 | G48: =K47 -> 24190.284 | K48: =G48/100*F48 -> 5079.9596
C49: ИТОГО по Сборнику 3.3, МРР-3.3.02-23 | K49: =SUM(K19,K20,K21,K41,K47,K48) -> 252203.24
C50: ИТОГО по таблице коэффициентов пересчета (инфляционного изменения) базовой стоимости работ градостроительного проектирования, проектных и других видов работ (услуг), осуществляемых с привлечением средств бюджета города Москвы, на 2024-2026 годы | D50: Стоимость изысканий с учетом коэффициента пересчета осуществляемых с привлечением средств бюджета города Москвы, на 2024-2026 годы | E50: с коэфф. пересчета на 4 квартал 2025 года в соответствии с Приложением к приказу Москомэкспертизы от 26.12.2024г. № МКЭ-ОД/24-185 | F50: =K49 -> 252203.24 | G50: 8.015 | I50: 1 | J50: 1 | K50: =ROUND(F50*G50*I50*J50,2) -> 2021409
B51: 7. | C51: Справка о фоновых концентрациях загрязняющих веществ в воздухе и краткая климатическая характеристика. Перечень платных услуг утвержден Приказом ФГБУ "Центральное УГМС" от ”03" декабря 2018г. № 282 (+20%)
B52: 7.1. | C52: Расчет фоновых концентраций загрязняющих веществ в атмосферном воздухе для городов и населенных пунктов, где отсутствуют регулярные наблюдения за загрязнением атмосферного воздуха | D52: п.2.4.11 | E52: 1 показатель | F52: 5 | G52: 5500 | K52: =G52*F52*0 -> 0
B53: 7.2. | C53: Краткая климатическая характеристика (температурный и ветровой режимы) района расположения объекта для подготовки проектов ПДВ, ПМООС, ОВОС, СЗЗ за 30 летний период | D53: п.2.1.9 | E53: 1 | F53: 1 | G53: 16319 | K53: =G53*F53*0 -> 0
C54: Итого справка и характеристика УГМС | K54: =ROUND((K52+K53)*0.2,2)+K52+K53 -> 0
C55: ИТОГО: | K55: =K50 -> 2021409

Sheet ООС-1
P1: Приложение №1.8
P2: к ПНМЦД
A5: Смета № 8
A6: на проектные работы по охране окружающей среды
A9: Наименование предприятия, здания, сооружения, стадии проектирования, этапа, вида проектных и изыскательских работ | I9: =ГОЧС!H9 -> на выполнение проектно-изыскательских работ с их сопровождением при прохождении экспертизы по объекту: "Реконструкция газопровода низкого давления по адресу: г. Москва , ЮЗАО, Б.Черемушкинская ул. , д. 20, к. 1-ул. Кржижановского, д. 23, к.6"
A12: Стадия проектирования | I12: Проектная и рабочая документация.
A14: Наименование организации Заказчика | I14: АО "Мосгаз"
A16: Наименование организации Подрядчика
A17: Смета составлена с применением Сборника 6.1 «Мероприятия по охране окружающей среды. МРР-6.1.02-19», утвержденного и введенного в действие приказом Москомэкспертизы от 28.06.2019 № МКЭ-ОД/19-41, с коэфф. пересчета на 4 квартал 2025 года в соответствии с Приложением к приказу Москомэкспертизы от 26.12.2024г. № МКЭ-ОД/24-185
A19: Исходные данные для составления сводного сметного расчета:
B20: Стадия проектирования | G20: РП | I20: Зимний коэффициент на полевые работы | N20: 1
B21: Площадь территории (га) | G21: 1 | I21: Категория проходимости | N21: Хорошая
B22: Функциональное назначение территории | G22: Обществ.
B23: Норматив стоимости проектирования объектов гор. заказа | G23: 1 | I23: Количество заказываемых транспортных справок
B24: Коэффициент персчета базовой стоимости проектных работ в текущий уровень цен | G24: =РП!J28 -> 8.015 | I24: Количество заказываемых справок МОСЦГМС-Р
B25: Количество зданий (шт.) / длина (км) | G25: 2.1 | R25: 0,1км-под АЗ
A26: №/№ | B26: Наименование работ | G26: Ед. изм. | I26: к-во | J26: базовая цена | K26: Коэффициенты | M26: Итого | N26: Таб., пункты,примечания
A27: 1 | B27: 2 | G27: 3 | I27: 4 | J27: 5 | K27: 6 | L27: 7 | M27: 8 | N27: 9
A28: 1 | B28: Маршрутное наблюдение | G28: га | J28: 323 | M28: 0 | N28: т.2 п.1
A29: 2 | B29: Геоботанические исследования | G29: га | J29: 1100 | K29: 0.8 | M29: 0 | N29: т.2 п.1 прим.2.
A30: 3 | B30: Обледование объектов неблагоприятного техногенного воздействия для определения условий и ограничений для проектирования | G30: объект | J30: 2466 | M30: 0 | N30: т.2 п.7
A31: 4 | B31: Обследование водных объектов | G31: га | J31: 1315 | M31: 0 | N31: т.2 п.8
A32: 5 | B32: Обследование источников сброса 3В в водные объекты | G32: источник | J32: 3349 | M32: 0 | N32: т.2 п.11
A33: 1 | B33: Эколого-градостроительный анализ исходных данных | J33: 826 | M33: =J33 -> 826 | N33: т.3 п.2
A34: 2 | B34: Сбор и анализ архивных и справочных материалов (данных), результатов инженерных изысканий и натуральных исследований | J34: 820 | M34: =J34 -> 820 | N34: т.3 п.6.
A35: 8 | B35: Сбор и анализ проектных материалов | J35: 1473 | M35: =J35*0 -> 0 | N35: т.3 п.10.
A36: 9 | B36: Составленеие технического задания | J36: 471 | M36: 0 | N36: т.4. п.2.
A37: 10 | B37: Ввод исходных графических данных в персональный компьютер. Создание компьютерной геометрической модели объекта | J37: 2003 | M37: =J37*0 -> 0 | N37: т.5 п.3 прим.
A38: 3 | B38: Характеристика современного состояния территории | J38: 484 | M38: =J38 -> 484 | N38: т. 6 п2.
A39: 12 | B39: Описание современного состояния компонентов окружающей среды | J39: 1349 | M39: =J39*0 -> 0 | N39: т.7 п.1.
A40: 4 | B40: Характеристика климатических условий | J40: 318 | M40: =J40 -> 318 | N40: т.7 п.2.
A41: 5 | B41: Характеристика фонового загрезнения компонентов окружающей среды | J41: 318 | M41: =J41 -> 318 | N41: т.7 п.3.
A42: 6 | B42: Опредление санитарно-гигиенических и экологических ограничений | G42: объект | J42: 4766 | M42: =J42*1 -> 4766 | N42: т.8.
A43: 16 | B43: Характеристика проектируемого объекта строительства | G43: сооружение | J43: 203 | M43: 0 | N43: т.9 п.2.
A44: 7 | B44: Базовые цены на описание проектных намерений | G44: км | I44: 2.1 | J44: 122 | M44: =J44*I44 -> 256.2 | N44: т.9 п.11.прим.2.
A45: 8 | B45: Выполение расчета степени загрязнения хозяйственно-бытовых и производственных сточных вод | G45: объект | I45: 1 | J45: 1241 | M45: =J45 -> 1241 | N45: т.10 п.6.
A46: 9 | B46: Выполнение расчета сточных вод | G46: К-во элементов загрязнений | I46: 3 | J46: 1027 | M46: =I46*J46 -> 3081 | N46: т.11
A47: 19 | B47: Составление схемы водосборного бассейна | G47: га | I47: 0 | J47: 2064 | M47: =J47*I47 -> 0 | N47: т.12 п.1
A48: 10 | B48: Расчет расхода поверхностного стока заданной обеспеченности | G48: 1 расчет | I48: 2 | J48: 1455 | M48: =I48*J48*1 -> 2910 | N48: т.13 п.1
A49: 21 | B49: Расчет суточного объема поверхностного стока заданной обеспеченности | G49: 1 расчет | I49: 1 | J49: 1968 | M49: =I49*J49*0 -> 0 | N49: т.13 п.2
A50: 11 | B50: Определение относительного объема годового стока, заданной обеспеченности, поступающего на очистное сооружение | G50: 1 расчет | I50: 1 | J50: 1550 | M50: =I50*J50 -> 1550 | N50: т.13 п.3
A51: 12 | B51: Анализ результатов и обработка рекомендации | G51: % | I51: 15 | J51: =M48+M49+M50 -> 4460 | M51: =I51*J51/100 -> 669 | N51: т.13 п.4
A52: 13 | B52: Характеристика проектируемых источников загрязнения | G52: Источник загрязнения | I52: 5 | J52: 1222 | K52: 1 | M52: =J52*K52*I52 -> 6110 | N52: т.14
A53: 14 | B53: Расчет массы выбросов (ЗВ) от стационарных источников -неорганизованные | G53: К-во расчит.веществ | I53: 6 | J53: 335 | K53: 11 | M53: =J53*K53*I53 -> 22110 | N53: т.15 п.1.2 прим.п.4.
A54: 15 | B54: Расчет массы выбросов (ЗВ) от стационарных источников -неорганизованные. Сварка дуговая | G54: К-во расчит.веществ | I54: 8 | J54: 335 | K54: 1 | M54: =J54*K54*I54 -> 2680 | N54: т.15 п.1.2 прим.п.4.
A55: 16 | B55: Расчет массы выбросов (ЗВ) от стационарных источников -неорганизованные. Сварка ПЭТ | G55: К-во расчит.веществ | I55: 8 | J55: 335 | K55: 1 | M55: =J55*K55*I55 -> 2680 | N55: т.15 п.1.2 прим.п.4.
A56: 15 | B56: Расчет массы выбросов (ЗВ) от стационарных источников -неорганизованные. Окраска | G56: К-во расчит.веществ | I56: 4 | J56: 335 | K56: 1 | M56: =J56*K56*I56*0 -> 0 | N56: т.15 п.1.2 прим.п.4,п.3
A57: 17 | B57: Расчет массы выбросов (ЗВ) от стационарных источников -неорганизованные. Земляные работы | G57: К-во расчит.веществ | I57: 1 | J57: 335 | K57: 1 | M57: =J57*K57*I57 -> 335 | N57: т.15 п.1.2 прим.п.4.
A58: 18 | B58: Расчет массы выбросов (ЗВ) от стационарных источников -неорганизованные. Укладка асфальта | G58: К-во расчит.веществ | I58: 1 | J58: 335 | K58: 1 | M58: =J58*K58*I58 -> 335 | N58: т.15 п.1.2 прим.п.4.
A59: 25 | B59: Расчет массы выбросов (ЗВ) от пердвижных источников | G59: К-во расчит.веществ | I59: 9 | J59: 174 | K59: 3 | M59: =J59*K59*I59*0 -> 0 | N59: т.15 п.3 прим.п.5,6
A60: 19 | B60: Расчет рассеивания З.В. | G60: % | I60: 30 | J60: =M53+M59+M54+M56+M57+M55+M58 -> 28140 | M60: =I60*J60/100 -> 8442 | N60: т.16 п.1
A61: 20 | B61: Разработка предложений по ПДВ | G61: % | I61: 14 | J61: =J60 -> 28140 | M61: =I61*J61/100 -> 3939.6 | N61: т.16 п.3
A62: 29 | B62: Определение границ СЗЗ | G62: % | I62: 25 | J62: =J60 -> 28140 | M62: =I62*J62/100*0 -> 0 | N62: т.16 п.4
A63: 21 | B63: Получение акустических характеристик источников шума (расчет по данным измерений или подбор по данным каталогов и справочников) | G63: один источник шума | I63: 18 | J63: 212 | M63: =I63*J63 -> 3816 | N63: т.18. п.1.
A64: 30 | B64: Расчет шумовых характеристик транспортных магистралей | G64: К-во участков тран.магистр. | I64: 2 | J64: 339 | M64: =I64*J64*0 -> 0 | N64: т.17, п.2. прим.1.
A65: 31 | B65: Выполнение расчетов транс.шума и графическая интерпретация результатов расчетов в плане | G65: кол. Объектов | I65: 1 | J65: 1035 | M65: =I65*J65*0 -> 0 | N65: т.17, п.3.
A66: 32 | B66: Выполнение расчетов транс.шума и графическая интерпретация результатов расчетов по фасадам | G66: кол. Объектов | J66: 310 | M66: 0 | N66: т.17, п.4.
A67: 33 | B67: Анализ результатов натуральных замеров и расчетов ,выработка рекомендаций и разработка мероприятий (п.30 - п.32) | G67: % | I67: 38 | J67: =M64+M65+M66 -> 0 | M67: =ROUND(J67*0.38,2) -> 0 | N67: т.17, п.5. прим.2.
A68: 36 | B68: Расчет акустических характиристик материалов и конструкций | G68: один объект расчета | J68: 1891 | M68: 0 | N68: т.18. п.3.
A69: 22 | B69: Расчет шума проникающего в окружающую среду | G69: один источник шума | I69: 3 | J69: 340 | M69: =I69*J69 -> 1020 | N69: т.18. п.3. прим.1
A70: 21 | B70: Расчет распространения шума на территории, определение зоны акустического дискомфорта | G70: один источник шума | I70: 3 | J70: 850 | M70: =J70*I70*0 -> 0 | N70: т.18. п.4.
A71: 39 | B71: Расчет внутри помещения с источниками шума | G71: один источник шума | J71: 709 | M71: 0 | N71: т.18. п.6.
A72: 40 | B72: Расчет шума, проникающего в защищаеное помещение | G72: один источник шума | J72: 709 | M72: 0 | N72: т.18. п.7.
A73: 23 | B73: Разработка предложений шумозащитных мероприятий | G73: % | I73: 40 | J73: =SUM(M63:M72) -> 4836 | M73: =J73*0.4 -> 1934.4 | N73: т.18. п.7.
A74: 24 | B74: Определение границ СЗЗ по фактору технологического шума | G74: % | I74: 25 | J74: =J73 -> 4836 | M74: =J73*0.25*1 -> 1209 | N74: т.18. п.8.
A75: 25 | B75: Расчет объемов образования ТКО | G75: к-во объектов | I75: 1 | J75: 410 | M75: =J75*I75 -> 410 | N75: т.23. п.1. прим.1.
A76: 26 | B76: Расчет объемов, описание условий хранения и утилизации промышл.отходов | G76: к-во отходов | I76: 8 | J76: 455 | M76: =J76*I76 -> 3640 | N76: т.23. п.2.
A77: 27 | B77: Расчет объемов описание условий хранения и утилизации строительных отходов | G77: к-во отходов | I77: 10 | J77: 1860 | M77: =J77*I77*K77 -> 0 | N77: т.23. п.4.
A78: 26 | B78: Определения мест временного хранения отходов, составление карты-схемы | G78: Объект | I78: 1 | J78: 1648 | K78: 1.1 | M78: =I78*J78*K78*0 -> 0 | N78: т.23. п.5. прим.1,прим.3
A79: 27 | B79: Подбор организаций,принимающих отходы на утилизацию и переработку,составление маршрутных (транспортных)схем вывоза отходов | G79: Объект | I79: 1 | J79: 1757 | K79: 1.1 | M79: =I79*J79*K79*0 -> 0 | N79: т.23. п.6. прим.1,прим.3
A80: 28 | B80: Порядок обращения с отходами разных классов, действия в аварийных ситуациях | G80: Объект | I80: 1 | J80: 439 | K80: 1 | M80: =I80*J80*K80*0 -> 0 | N80: т.23. п.7.прим.1,прим.3
A81: 28 | B81: Выводы и рекомендации | G81: % | I81: 0.97 | J81: =ROUND(SUM(M38:M80),0) -> 74254 | M81: =ROUNDDOWN(J81*0.0097,2) -> 720.26 | N81: т.27.
A82: 29 | B82: Техническое оформление | G82: % | I82: 1.11 | J82: =ROUND(J81+M81,0) -> 74974 | M82: =ROUND(J82*0.0111,2) -> 832.21 | N82: т.28.п.1.
A83: 30 | B83: Выпуск проектной продукции | G83: % | I83: 2.57 | J83: =J82 -> 74974 | K83: 1 | L83: 1 | M83: =ROUND(J83*0.0257*K83*L83,2) -> 1926.83 | N83: т.28.п.2.
A84: 51 | B84: Прогноз изменения гидрогиологических характеристик территории- сбор и анализ исходных данных | G84: водный объект | J84: 3447 | M84: 0 | N84: т.26.п.1.
A85: 52 | B85: Выполнение расчета гидрологических характеристик | G85: га | J85: 5353 | N85: т.26.п.2.
A86: 53 | B86: Оформление и выпуск расчета | G86: % | I86: 2.96 | J86: 0 | M86: 0 | N86: т.26.п.6.
A87: 54 | B87: Прогноз изменения гидрохимических условий территории- сбор и анализ ис.данных,фондовых и проектных материалов, результатов инж. изысканий | G87: водный объект | J87: 5435 | M87: 0 | N87: т.27.п.1.
A88: 55 | B88: Расчет и нормирование ПДС загрязняющих веществ в водный объект | G88: Выпуск сточных вод | J88: 4372 | K88: 0.5 | M88: 0 | N88: т.27.п.2.
A89: 56 | B89: Анализ результатов расчетов и разработка мероприятий | G89: водный объект | J89: 4073 | K89: 0.5 | M89: 0 | N89: т.27.п.3.
A90: 57 | B90: Оформление и выпуск отчета | G90: % | I90: 3.12 | J90: 0 | M90: 0 | N90: т.27.п.4.
A91: 58 | B91: Сбор и подготовка информации о гидрогеологическом строении, существующих и проектируемых подз.сооружений и т.д. | G91: 1м выработки | I91: 145 | J91: 8.2 | M91: =I91*J91*1.5*0 -> 0 | N91: т.28.п.1.
A92: 59 | B92: Графическая интерпретация и анализ результатов расчетов, разработка мероприятий и предложений | G92: % | I92: 11.94 | J92: =M91 -> 0 | K92: 1 | M92: =ROUND(J92*0.1194*K92,2) -> 0 | N92: т.28.п.7.
A93: 60 | B93: Оформление и выпуск отчета (отп.58,59) | G93: % | I93: 1.12 | J93: =M91+M92 -> 0 | K93: 4 | M93: =ROUND(J93*0.0112*K93,2) -> 0 | N93: т.28.п.8.
A94: 31 | B94: Итого в базовых ценах | M94: =ROUND(SUM(M28:M93),2) -> 79379.5
A95: 32 | B95: Итого с учетом коэф.инф. Кпер. | K95: 8.015 | M95: =ROUND(M94*K95,2) -> 636226.69
A96: 33 | B96: Справка о фоновых концентрациях загрязняющих веществ в воздухе и краткая климатическая характеристика. Перечень платных услуг утвержден Приказом ФГБУ "Центральное УГМС" от ”03" декабря 2018г. № 282
A97: 34 | B97: Расчет фоновых концентраций загрязняющих веществ в атмосферном воздухе для городов и населенных пунктов, где отсутствуют регулярные наблюдения за загрязнением атмосферного воздуха. п.2.4.11 | G97: 1 показатель | I97: 5 | J97: 4895 | M97: =I97*J97 -> 24475 | N97: п.2.4.11
A98: 35 | B98: Краткая климатическая характеристика (температурный и ветровой режимы) района расположения объекта для подготовки проектов ПДВ, ПМООС, ОВОС, СЗЗ за 30 летний период | G98: 1 показатель | I98: 1 | J98: 15180 | M98: =I98*J98 -> 15180 | N98: п.2.1.9
A99: 36 | B99: Всего по смете | M99: =M95+M97+M98 -> 675881.69
A100: 22 | B100: Итого с учетом тендерного снижения 2,3% | K100: 1 | M100: =ROUND(M95*K100,2) -> 636226.69

Sheet ПБ
Q1: Приложение №1.9
Q2: к ПНМЦД
A5: С М Е Т А № 9
A6: на проектные работы по разделу "Мероприятия по обеспечению пожарной безопасности"
A8: Наименование предприятия, здания, сооружения, стадии проектирования, этапа, вида проектных и изыскательских работ | F8: =ГОЧС!H9 -> на выполнение проектно-изыскательских работ с их сопровождением при прохождении экспертизы по объекту: "Реконструкция газопровода низкого давления по адресу: г. Москва , ЮЗАО, Б.Черемушкинская ул. , д. 20, к. 1-ул. Кржижановского, д. 23, к.6"
A12: Наименование проектной (изыскательской) организации
A15: Наименование организации заказчика | F15: =Сводная!H12 -> АО "МОСГАЗ"
A17: Стадийность проектирования | F17: Проектная и рабочая документация
A18: Смета составлена с применением Сборника 6.2 «Мероприятия по обеспечению пожарной безопасности. МРР-6.2.03-22», утвержденного и введенного в действие приказом Москомэкспертизы от 15.06.2022 № МКЭ-ОД/22-49, с коэфф. пересчета на 4 квартал 2025 года в соответствии с Приложением к приказу Москомэкспертизы от 26.12.2024г. № МКЭ-ОД/24-185
A19: №№ п/п | B19: Вид коммуникации, сооружения | E19: №№ глав и пунктов, сборник цен, коэф-ты | H19: Расчет стоимости | Q19: Стоимость (руб.)
A20: 1 | B20: 2 | E20: 3 | H20: 4 | Q20: 5
A22: 1 | B22: Базовая стоимость разработки проектной документации (П) | E22: Сборник 6.2 "Мероприятия по обеспечению пожарной безопасности. МРР-6.2.03-22"
B23: Ц(б)2000 | C23: =((РП!Q264+'АЗ (2)'!K214)/РП!J28)*0.4 -> 586038.8 | D23: Табл. 3.2 Прим. 1
E25: K = | F25: 0.4 | G25: Табл. 3.2 Прим. 1
A27: 2 | B27: Для городских и внутренних коммуникаций (газопровод) для стадии | E27: Сборник 6.2 "Мероприятия по обеспечению пожарной безопасности. МРР-6.2.03-22" | H27: =C35 -> 23000 | I27: * | J27: =F33 -> 8.015 | K27: * | L27: =F34 -> 1.25 | M27: * | N27: =F35 -> 1 | Q27: =H27*J27*L27*N27 -> 230431.25
B31: Базовые цены на основные | E31: Коэффициенты:
B32: проектные работы | E32: K = | F32: 1 | G32: Раздел 2 п.2.20
B33: а= | C33: 23 | D33: Табл. 3.2, п.5 | E33: K = | F33: 8.015 | G33: с коэфф. пересчета на 4 квартал 2025 года в соответствии с Приложением к приказу Москомэкспертизы от 26.12.2024г. № МКЭ-ОД/24-185
E34: К= | F34: 1.25 | G34: Табл. 3.2 Прим. 2
B35: Ц(б)2000 = | C35: =(C33+C34*(C28))*1000 -> 23000 | E35: К= | F35: 1 | G35: Табл. 1.1 (без п.8,9,10,13)
B37: И Т О Г О (руб., без НДС): | M37: * | N37: 1 | Q37: =Q27 -> 230431.25

Sheet Пож. риск
K1: Приложение №1.9.1
K2: к ПНМЦД
B6: С М Е Т А №9.1 | M6: K= | N6: =РП!J28 -> 8.015 | O6: - 2-й кв-л 2025г.
B7: на выполнение расчета пожарного риска для объекта:
B8: =Сводная!A7 -> на выполнение проектно-изыскательских работ с их сопровождением при прохождении экспертизы по объекту: "Реконструкция газопровода низкого давления по адресу: г. Москва , ЮЗАО, Б.Черемушкинская ул. , д. 20, к. 1-ул. Кржижановского, д. 23, к.6"
B9: (наименование стадии и видов проектных и изыскательских работ) | M9: Коэффициент тендерного снижения
B10: подлежащих выполнению: | M10: K= | N10: 1
B11: Для АО "МОСГАЗ"
B12: (наименование заказчика)
B13: Смета составлена с применением Сборника 9.1 «Методика расчета стоимости проектных, научных, нормативно-методических и других видов работ (услуг) на основании нормируемых трудозатрат. МРР-9.1.02-18», утвержденного и введенного в действие приказом Москомэкспертизы от 26.12.2018 № МКЭ-ОД/18-74, с коэфф. пересчета на 4 квартал 2025 года в соответствии с Приложением к приказу Москомэкспертизы от 26.12.2024г. № МКЭ-ОД/24-185 | M13: Количество обследуемых коммуникаций
C15: Табл. 1. Расчёт коэффициента квалификации-участия | M15: N= | N15: 32 | O15: шт.
C16: № п/п | D16: Наименование должностей исполнителей | F16: Фактическое время участия исполнителя в работе, дни Тф | G16: Общая продолжитель-ность выполнения работы, дни Тобщ | H16: Численность исполнителей одной квалификации, чел. Чi | I16: Индекс квалификации непосредствен-ных исполнителей | J16: Коэффициент квалификации-участия Ккв-уч
A17: =IF(J17=0,"","+") | C17: =IF(J17=0,0,1) -> 0 | D17: Начальник отдела | F17: 0 | H17: 0 | I17: 2.25 | J17: =ROUND(IF(AND($G$29<>0,H17<>0),F17*H17*I17/$G$29,0),3) -> 0
A18: =IF(J18=0,"","+") | C18: =IF(J18=0,C17,C17+1) -> 0 | D18: Комплексный ГИП | I18: 2 | J18: =ROUND(IF(AND($G$29<>0,H18<>0),F18*H18*I18/$G$29,0),3) -> 0
A19: =IF(J19=0,"","+") | C19: =IF(J19=0,C18,C18+1) -> 0 | D19: Зам. начальника отдела | I19: 1.8 | J19: =ROUND(IF(AND($G$29<>0,H19<>0),F19*H19*I19/$G$29,0),3) -> 0
A20: + | C20: =IF(J20=0,C19,C19+1) -> 0 | D20: ГИП | F20: 0 | H20: 0 | I20: 1.6 | J20: =ROUND(IF(AND($G$29<>0,H20<>0),F20*H20*I20/$G$29,0),3) -> 0
A21: =IF(J21=0,"","+") -> + | C21: =IF(J21=0,C20,C20+1) -> 1 | D21: Главный специалист | F21: 1 | H21: 1 | I21: 1.32 | J21: =ROUND(IF(AND($G$29<>0,H21<>0),F21*H21*I21/$G$29,0),3) -> 0.44
A22: =IF(J22=0,"","+") | C22: =IF(J22=0,C21,C21+1) -> 1 | D22: Руководитель группы | I22: 1.3 | J22: =ROUND(IF(AND($G$29<>0,H22<>0),F22*H22*I22/$G$29,0),3) -> 0
A23: =IF(J23=0,"","+") | C23: =IF(J23=0,C22,C22+1) -> 1 | D23: Ведущий инженер | I23: 1 | J23: =ROUND(IF(AND($G$29<>0,H23<>0),F23*H23*I23/$G$29,0),3) -> 0
A24: =IF(J24=0,"","+") -> + | C24: =IF(J24=0,C23,C23+1) -> 2 | D24: Инж. 1-й категории | F24: 3 | H24: 1 | I24: 0.9 | J24: =ROUND(IF(AND($G$29<>0,H24<>0),F24*H24*I24/$G$29,0),3) -> 0.9
A25: =IF(J25=0,"","+") | C25: =IF(J25=0,C24,C24+1) -> 2 | D25: Инж. 2-й категории | I25: 0.75 | J25: =ROUND(IF(AND($G$29<>0,H25<>0),F25*H25*I25/$G$29,0),3) -> 0
A26: =IF(J26=0,"","+") | C26: =IF(J26=0,C25,C25+1) -> 2 | D26: Инж. 3-й категории | I26: 0.65 | J26: =ROUND(IF(AND($G$29<>0,H26<>0),F26*H26*I26/$G$29,0),3) -> 0
A27: =IF(J27=0,"","+") | C27: =IF(J27=0,C26,C26+1) -> 2 | D27: Инженер | I27: 0.6 | J27: =ROUND(IF(AND($G$29<>0,H27<>0),F27*H27*I27/$G$29,0),3) -> 0
A28: =IF(J28=0,"","+") | C28: =IF(J28=0,C27,C27+1) -> 2 | D28: Техник | I28: 0.45 | J28: =ROUND(IF(AND($G$29<>0,H28<>0),F28*H28*I28/$G$29,0),3) -> 0
A29: + | D29: ИТОГО: | G29: =MAX(F17:F28) -> 3 | H29: =SUM(H17:H28) -> 2 | J29: =IF($H$29<>0,ROUND(SUM(J17:J28)/H29,3),0) -> 0.67
A30: +
A31: + | B31: Табл. 2. Расчёт базовой цены работ
A32: + | B32: Базовая средне-месячная нормативная зарплата исполнителей, руб. ЗПср.дн. | C32: Количество рабочих дней в месяце, дни | D32: Базовая средне-дневная зарплата исполнителей, руб. | E32: Удельный вес зарплаты в себестоимости работ, % Кз | F32: Рента-бельность Р | G32: Базовая средне-дневгая единичная выработка, руб. Вср.дн. | H32: Общая продолжи-тельность выполнения работы, дни Тобщ | I32: Численность исполнителей, чел. Чп | J32: Коэффициент квалификации (участия) Ккв-уч | K32: Базовая цена, руб. Цб
A33: + | B33: 13076 | C33: 22 | D33: =ROUND(B33/C33,0) -> 594 | E33: 0.4 | F33: 0.1 | G33: =ROUND((D33*(1+F33))/E33,0) -> 1634 | H33: =G29 -> 3 | I33: =H29 -> 2 | J33: =J29 -> 0.67 | K33: =ROUND(G33*H33*I33*J33,2) -> 6568.68
A34: +
A35: + | B35: Табл. 3. Расчёт стоимости выполняемых работ в текущих ценах
A36: + | B36: №№ п.п. | C36: Характеристика предприятия, здания,сооружения или виды работ | F36: № части и глав табл., пункты указаний к разделу или главе Сборника цен на ПИР | I36: Расчет стоимости | K36: Стоимость, руб.
A37: + | B37: 1 | C37: Повышающий коэффициент инфляции | I37: =CONCATENATE(K33,"·",G38) -> 6568,68·8,015 | K37: =ROUND(K33*G38,2) -> 52647.97
A38: + | F38: К= | G38: 8.015 | H38: 4 кв. 2025 | Q38: Пересчитать: 5,01
A39: + | B39: 2 | C39: Коэффициент тендерного снижения | F39: К= | G39: =N10 -> 1 | I39: =CONCATENATE(K37,"·",G39) -> 52647,97·1 | K39: =ROUND(K37*G39,2) -> 52647.97
B40: 3 | C40: НДС 20% | I40: =CONCATENATE(K39,"·",0.2) -> 52647,97·0,2 | K40: =IF(A40<>"+",0,ROUND(K39*0.2,2)) -> 0
A41: + | C41: ВСЕГО в текущих ценах: | K41: =K39+K40 -> 52647.97 | Q41: =1200*32 -> 38400

Sheet ИГИ
G1: Приложение №1.10
G2: к ПНМЦД
A6: Смета №10
A7: на выполнение инженерно-геологических изысканий
A8: на выполнение инженерно-геологических изысканий по объекту: Реконструкция газопровода низкого давления по адресу: г. Москва , ЮЗАО, Б.Черемушкинская ул. , д. 20, к. 1-ул. Кржижановского, д. 23, к.6
A9: №№ ПП | B9: ХАРАКТЕРИСТИКА ПРОЕКТИРУЕМОГО ОБЪЕКТА ИЛИ ВИДА РАБОТ | C9: ОСНОВАНИЕ СТОИМОСТИ: СБОРНИК ЦЕН НА ПИР | D9: РАСЧЕТ СТОИМОСТИ | G9: СТОИМОСТЬ, РУБ.
D10: Объем работ | E10: Цена | F10: Корректирующий коэф.
A11: 1 | B11: 2 | C11: 3 | D11: 4 | G11: 5
B12: Смета составлена с применением Сборника 3.2 «Инженерно-геологические изыскания. МРР-3.2.02-23», утвержденного и введенного в действие приказом Москомэкспертизы от 29.12.2023 № МКЭ-ОД/23-156, с коэфф. пересчета на 4 квартал 2025 года в соответствии с Приложением к приказу Москомэкспертизы от 26.12.2024г. № МКЭ-ОД/24-185
B13: 1. Полевые работы
A15: 1 | B15: Колонковое бурение 19 скважин диаметром бурения до 160 мм глубиной по 10,0 м в породах: | C15: т.4.2.3 п. 1
B16: II категория | D16: 190 | E16: 386.66 | G16: =D16*E16 -> 73465.4
B17: III категория | D17: 0 | E17: 428.95 | G17: =D17*E17 -> 0
A18: 2 | B18: Гидрогеологические наблюдения при бурении скважин диаметром до 160 мм гулбиной до 10,0 м | C18: т.4.2.4 п. 1 | D18: =D16+D17 -> 190 | E18: 16.11 | G18: =D18*E18 -> 3060.9
A19: 3 | B19: Крепление скважины при бурении диаметром до 160 мм. глубиной до 50,0 м | C19: т.4.2.4 п. 4 | D19: =D18 -> 190 | E19: 21.15 | G19: =D19*E19 -> 4018.5
A20: 4 | B20: Статическое зондирование грунтов непрерывным вдавливанием зонда со скоростью не свыше 1 м/мин на глубину до 10 м | C20: т. 7.1.1 п 5 | D20: 19 | E20: 1291.89 | G20: =D20*E20 -> 24545.91
A21: 5 | B21: Отбор монолитов связаных грунтов из буровых скважин с глубины до 10,0 м | C21: т.7.2.1 п. 1 | D21: =19*3*3 -> 171 | E21: 230.59 | G21: =D21*E21 -> 39430.89
A22: 6 | B22: Планово-высотная привязка выработок | C22: МРР-3.1.02-23 т.4.4.6.1 п.2 | D22: 19 | E22: 112.46 | G22: =D22*E22 -> 2136.74
A23: 7 | B23: Расходы по внутреннему транспорту, расстояние 25,0 км | C23: т. 2.2 п. 5 | D23: =SUM(G18:G21) -> 71056.2 | E23: 0.1875 | G23: =D23*E23 -> 13323.038
A24: 8 | B24: Расходы по организации и ликвидации работ | C24: т. 2.3 | D24: =SUM(G18:G23) -> 86515.978 | E24: 0.12 | G24: =D24*E24 -> 10381.917
A25: 9 | B25: Итого полевых работ: | G25: =SUM(G16:G24) -> 170363.29
B26: 2. Лабораторные исследования
A28: 10 | B28: Полный комплекс определений физико-механических свойств глинистых грунтов | C28: т. 8.1.2 п. 4 | D28: =D21 -> 171 | E28: 557.96 | G28: =D28*E28 -> 95411.16
A29: 10А | B29: Полный комплекс определений физических свойств песчаных грунтов | C29: т. 8.1.4 п.1 | D29: 53 | E29: 539 | G29: =D29*E29 -> 28567
A30: 11 | B30: Коррозионная активность грунта к стали | C30: т.8.2.1 п.4 | D30: 12 | E30: 215.6 | G30: =D30*E30 -> 2587.2
A31: 12 | B31: Сокращенный анализ воды для инженерно-геологических целей | C31: т.8.2.1 п.9 | D31: 3 | E31: 138.6 | G31: =D31*E31 -> 415.8
B32: Итого лабораторных работ: | G32: =SUM(G28:G31) -> 126981.16
B33: 3. Камеральные работы
A34: 13 | B34: Составление программы производства работ с учетом II категории сложности инженерно-геологических условий | C34: МРР-3.2.02-23 т.9.1.2 п.3 прим.1 | D34: 5923.13 | E34: 1.25 | F34: 1 | G34: =D34*E34*F34 -> 7403.9125
A35: 14 | B35: Камеральная обработка материалов изысканий с гидрогеологическими наблюдениями (II категория ИГУ) | C35: т. 9.2.1 п. 2 | D35: =D18 -> 190 | E35: 110.17 | G35: =D35*E35 -> 20932.3
A36: 15 | B36: Камеральная обработка результатов полевых исследований грунтов статическим зондированием глубиной до 10,0 м | C36: т. 9.2.2 п. 1 | D36: =D20 -> 19 | E36: 351.83 | G36: =D36*E36 -> 6684.77
A37: 16 | B37: Камеральная обработка результатов лабораторных работ | C37: т. 9.2.5 п. 1, 2, 5 | D37: =G28 -> 95411.16 | E37: 0.2 | G37: =D37*E37 -> 19082.232
D38: =G30+G31+G29 -> 31570 | E38: 0.15 | G38: =D38*E38 -> 4735.5
A39: 17 | B39: Составление технического отчета по изысканиям (II категория ИГУ) | C39: т. 9.3.1 п. 1 | D39: =SUM(G34:G38) -> 58838.715 | E39: 0.32 | G39: =D39*E39 -> 18828.389
B40: Итого камеральных работ: | G40: =SUM(G35:G39) -> 70263.191
B41: ИТОГО: | G41: =G25+G32+G40 -> 367607.65
A42: 18 | B42: Стоимость изысканий с учетом коэффициента пересчета осуществляемых с привлечением средств бюджета города Москвы, на 2024-2026 годы | C42: =ИЭИ!E50 -> с коэфф. пересчета на 4 квартал 2025 года в соответствии с Приложением к приказу Москомэкспертизы от 26.12.2024г. № МКЭ-ОД/24-185 | D42: =G41 -> 367607.65 | E42: 8.015 | F42: 1 | G42: =D42*E42*F42 -> 2946375.3
B43: ВСЕГО ПО СМЕТЕ: | G43: =G42 -> 2946375.3

Sheet ОВС
G1: Приложение №1.11
G2: к ПНМЦД
A6: СМЕТА №11
A7: на разработку раздела оценки (математическое моделирование) влияния на окружающую застройку
A9: Наименование объекта: | C9: =ГОЧС!H9 -> на выполнение проектно-изыскательских работ с их сопровождением при прохождении экспертизы по объекту: "Реконструкция газопровода низкого давления по адресу: г. Москва , ЮЗАО, Б.Черемушкинская ул. , д. 20, к. 1-ул. Кржижановского, д. 23, к.6"
A10: Наименование организации Подрядчика
A11: Наименование организации Заказчика | C11: АО "МОСГАЗ"
A13: Смета составлена с применением Сборника 6.1 «Мероприятия по охране окружающей среды. МРР-6.1.02-19», утвержденного и введенного в действие приказом Москомэкспертизы от 28.06.2019 № МКЭ-ОД/19-41, с коэфф. пересчета на 4 квартал 2025 года в соответствии с Приложением к приказу Москомэкспертизы от 26.12.2024г. № МКЭ-ОД/24-185
A14: №№ | B14: Наименование работ | C14: Обоснование | D14: Ед. измерения | E14: Базовая цена | F14: Кол-во | G14: Стоимость (руб.)
A15: 1 | B15: 2 | C15: 3 | D15: 4 | E15: 5 | F15: 6 | G15: 7
A17: 1 | B17: Сбор, подготовка и анализ информации о геологическом строении, существующих и проектируемых подземных сооружениях, существующих и проектных нагрузках, деформационных параметрах и др.
B18: -по горным выработкам | C18: /1/ Т.34 п.1 | D18: 1 м выраб. | E18: 7.4 | F18: =F19*10 -> 120 | G18: =7.4*F18 -> 888
B19: -по цифровым показателям | C19: /1/ Т..34 п.2 | D19: 10 цифр. значений | E19: 4.1 | F19: 12 | G19: =4.1*F19 -> 49.2
A20: 2 | B20: Геотехническая схематизация геологических условий и проектных решений, выбор расчетной схемы и расчетных параметров | C20: /1/ Т.34 п.3 | D20: расчетный блок | E20: 12.1 | F20: =F19*450 -> 5400 | G20: =E20*F20 -> 65340
A21: 3 | B21: Расчет напряженно-деформированного состояния системы «основание-фундамент-сооружение» в условиях плоской и осесимметричной задач методом конечных элементов | C21: /1/ Т.34 п.8 | D21: расчетный блок | E21: 13.6 | F21: =F20 -> 5400 | G21: =E21*F21 -> 73440
A22: 4 | B22: Итого ( п. 1….3) | G22: =SUM(G18:G21) -> 139717.2
A23: 5 | B23: Графическая интерпретация и анализ результатов расчетов, разработка мероприятий и предложений по предотвращению негативных изменений напряженно-деформированного состояния грунтовых массивов | C23: /1/ Т.33 п.9 | D23: % (от п.1…3) | E23: 11.94 | G23: =G22*E23/100 -> 16682.234
A24: 6 | B24: Итого ( п. 4,5) | G24: =G23+G22 -> 156399.43
A25: 7 | B25: Оформление и выпуск отчета | C25: /1/ Т.33 п.10 | D25: % (от п.6) на каждый экз. | E25: 1.12 | F25: 4 | G25: =G24*E25/100*F25 -> 7006.6946
A27: Итого по смете в ценах 2000г. (п. 6,7) | G27: =G24+G25 -> 163406.13
A29: 8 | B29: Итого в текущих ценах | C29: =ИГИ!C42 -> с коэфф. пересчета на 4 квартал 2025 года в соответствии с Приложением к приказу Москомэкспертизы от 26.12.2024г. № МКЭ-ОД/24-185 | F29: 8.015 | G29: =G27*F29 -> 1309700.1

Sheet ОСК
Q1: Приложение №1.12
Q2: к ПНМЦД
A6: С М Е Т А № 12
A7: на разработку раздела техническое обследование существующих зданий и сооружений
B8: Наименование предприятия, здания, сооружения, стадии проектирования, этапа, вида проектных и изыскательских работ | H8: =ГОЧС!H9 -> на выполнение проектно-изыскательских работ с их сопровождением при прохождении экспертизы по объекту: "Реконструкция газопровода низкого давления по адресу: г. Москва , ЮЗАО, Б.Черемушкинская ул. , д. 20, к. 1-ул. Кржижановского, д. 23, к.6"
B12: Наименование проектной организации
B14: Наименование организации заказчика | I14: АО "МОСГАЗ"
A16: Смета составлена с применением Сборника 3.6 «Обследование и мониторинг технического состояния строительных конструкций и инженерного оборудования зданий и сооружений. МРР-3.6.02-19», утвержденного и введенного в действие приказом Москомэкспертизы от 26.09.2019 № МКЭ-ОД/19-59, с коэфф. пересчета на 4 квартал 2025 года в соответствии с Приложением к приказу Москомэкспертизы от 26.12.2024г. № МКЭ-ОД/24-185
A18: №№ п/п | B18: Характеристика предприятия, здания, сооружения или виды работ | F18: Обоснование стоимости | J18: Расчет стоимости | Q18: Стоимость в рублях
A21: 1 | B21: 2 | F21: 3 | J21: 4 | Q21: 5
A22: 1 | B22: Обмерно-обследовательские работы при обследовании зданий | F22: Ц(б) = | G22: 48.48 | H22: т.4.3 | I22: 1 кат.сложн. | K22: =G22 -> 48.48 | L22: * | M22: =G23 -> 0.48 | N22: * | O22: 1 | P22: * | Q22: =K22*M22*O22*K23*M23*O23*K24 -> 546303.72
F23: К= | G23: =(1.1+10.9+26.9+4.3+4.8)/100 -> 0.48 | H23: т.4.1 пп. 1.2, 2.2, 4, 8,9 | I23: корректирующий коэф., учитывающий степень полноты выполнения работ | J23: * | K23: =G25 -> 8.015 | L23: * | M23: =G26 -> 1.15 | N23: * | O23: =G27 -> 2547 | P23: * | S23: =6.1+18.9+5.1+8+15.7 -> 53.8
I24: то же | J24: * | K24: 1
F25: Кинд= | G25: 8.015
F26: К= | G26: 1.15 | H26: т.2.2, п.3г | I26: неблаг.период
F27: V= | G27: 2547 | I27: ст.объем 100м3
C29: ИТОГО: | Q29: =Q22 -> 546303.72
G31: Общая стоимость работ: | Q31: =Q29 -> 546303.72

Sheet ТБЭ
O1: Приложение №1.13
O2: к ПНМЦД
A5: Смета № 13
A6: на разработку раздела "Требования к обеспечению безопасной эксплуатации"
A8: =РП!I8 -> на выполнение проектно-изыскательских работ с их сопровождением при прохождении экспертизы по объекту: "Реконструкция газопровода низкого давления по адресу: г. Москва , ЮЗАО, Б.Черемушкинская ул. , д. 20, к. 1-ул. Кржижановского, д. 23, к.6"
A10: Смета составлена с применением Сборника 6.4 "Требования к обеспечению безопасной эксплуатации объектов капитального строительства. МРР-6.4.02-23", утвержденного и введенного в действие приказом Москомэкспертизы от 11.09.2023 № МКЭ-ОД/23-94, с коэфф. пересчета на 4 квартал 2025 года в соответствии с Приложением к приказу Москомэкспертизы от 26.12.2024г. № МКЭ-ОД/24-185
A12: № | B12: Характеристика предприятия, здания, сооружения или вида работ | I12: №№ частей, глав, табл., пунктов указаний к разделу или главе сборника | L12: Расчёт стоимости,руб | O12: Стоимость, руб.
A13: 1 | B13: Инженерные коммуникации | I13: Таб. 4.1 п.3 прим.2 | L13: Цб(00) | N13: Кол-во | O13: =L14*N14 -> 9100
L14: =K15*1000 -> 9100 | M14: х | N14: =K16 -> 1
I15: Стоимость | K15: =E16 -> 9.1
B16: Базовая стоимость за 1 вид | E16: 9.1 | I16: Кол-во коммуникаций | K16: 1
B18: в ценах 2000 г. ,тыс.руб.
C19: Цб(00)= | F19: = | G19: =E16 -> 9.1
B21: ИТОГО в базовых ценах : | O21: =O13 -> 9100
B22: ИТОГО в текущих ценах : | I22: =РП!K28 -> (4 кв.2025г.) | L22: 8.015 | O22: =O21*L22 -> 72936.5

Sheet раздел СОАН
A4: СМЕТА 13
A5: на разработку Раздела об обеспечении сохранности объектов археологического наследия по объекту:
A6: =РП!I8 -> на выполнение проектно-изыскательских работ с их сопровождением при прохождении экспертизы по объекту: "Реконструкция газопровода низкого давления по адресу: г. Москва , ЮЗАО, Б.Черемушкинская ул. , д. 20, к. 1-ул. Кржижановского, д. 23, к.6"
A9: № п/п | B9: Наименование и характеристика работ, расчет стоимости | C9: Обоснование стоимости, табл. | D9: Ед. измер. | E9: Кол-во | F9: Базовая стоимость, руб. | G9: Расчет стоимости | H9: Сумма в (руб.)
A11: 1 | B11: 2 | C11: 3 | D11: 4 | E11: 5 | F11: 6 | G11: 7 | H11: 8
A12: Раздел 1.
A13: Общий участок проведения работ -0,045 га (450 м2) ( до 0,5 га)
A14: Общая протяженность трассы - 250 м.пог.
A15: 1 | B15: Общее описание участка проведения работ | C15: МРР-8.5-20 табл.3.1 п.1 | D15: площадь, га, (до 0,5 га) | E15: 1 | F15: 503 | G15: =CONCATENATE(E15,"*",F15) -> 1*503 | H15: =ROUND(E15*F15,2) -> 503
A16: 2 | B16: Краткая справка по историко-градостро- ительному развитию территории, на которой располагается участок прове- дения работ | C16: МРР-8.5-20 табл.3.1 п.2 | D16: площадь, га (до 0,5 га) | E16: 1 | F16: 2517 | G16: =CONCATENATE(E16,"*",F16) -> 1*2517 | H16: =ROUND(E16*F16,2) -> 2517
A17: 3 | B17: Историко-архивные и библиографиче- ские исследования | C17: МРР-8.5-20 табл.3.1 п.3.3. | D17: объект | E17: 5 | F17: 11751 | G17: =CONCATENATE(E17,"*",F17) -> 5*11751 | H17: =ROUND(E17*F17,2) -> 58755
A18: 4 | B18: Оценка воздействия проводимых работ на объект культурного наследия либо объекты культурного наследия. Вывод о соответствии документации по обеспе- чению сохранности объекта (объектов) культурного наследия законодательству в области государственной охраны объ- ектов культурного наследия | C18: МРР-8.5-20 табл.3.1 п.9.2 | D18: площадь, га (до 1 га) | E18: 1 | F18: 12384 | G18: =CONCATENATE(E18,"*",F18) -> 1*12384 | H18: =ROUND(E18*F18,2) -> 12384
A19: 5 | B19: Подготовка сведений о планируемых работах | C19: МРР-8.5-20 табл.3.2 п. 6 | D19: 1 комплект документации (протяженность до 500 м.пог.) | E19: 1 | F19: 5041 | G19: =CONCATENATE(E19,"*",F19) -> 1*5041 | H19: =ROUND(E19*F19,2) -> 5041
A20: 6 | B20: Определение и описание мер по обеспечению сохранности ОКН | C20: МРР-8.5-20 табл.3.3 | D20: 1 лист А4 | E20: 1 | F20: 407 | G20: =CONCATENATE(E20,"*",F20) -> 1*407 | H20: =ROUND(E20*F20,2) -> 407
A21: Итого по разделу 1: | I21: =SUM(H15:I20) -> 79607
A22: 17 | B22: Базовая стоимость проведения государственной историко-культурной экспертизы (ГИКЭ) | C22: ЗП эксперта табл.3.3 п.3 | E22: 6188 | G22: =CONCATENATE("(",E22,"+","(",E22,"*",E23,")",")","/","0,4",) -> (6188+(6188*0,1))/0,4 | I22: =(E22+(E22*E23))/E24 -> 17017
C23: Уровень рентабельности в организации глава 2 п.2.2. | E23: 0.1
C24: Коэффициент, учитывающий долю зарплаты в себестоимости (принимается Кз= 0,4) глава 2 п.2.2. | E24: 0.4
A25: Итого по смете: | I25: =I21+I22 -> 96624
A26: Текущая стоимость проведения работ с применением коэффициента пересчета в соотвествии с приказом Москомэкспертизы №МКЭ-ОД/23-142 от 24.12.2023г. - коэффициент пересчета на 1квартал 2023 года составляет: К=5,398 | I26: =I25*РП!J66*0 -> 0

Sheet ОКН
H1: Приложение №1.14
H2: к ПНМЦД
A5: СМЕТА №14
A6: на разработку раздела об обеспечении сохранности объектов культурного наследия при проведении работ по объекту: Реконструкция газопровода низкого давления по адресу: г. Москва , ЮЗАО, Б.Черемушкинская ул. , д. 20, к. 1-ул. Кржижановского, д. 23, к.6
A8: Смета составлена с применением Сборника 8.5 "Разработка раздела об обеспечении сохранности объекта культурного наследия, выявленного объекта культурного наследия. МРР-8.5-20" утвержденного и введенного в действие приказом Комитета города Москвы по ценовой политике в строительстве и государственной экспертизы проектов от 29 декабря 2020 года N МКЭ-ОД/20-91; Сборника 9.15 «Государственная историко-культурная экспертиза. МРР-9.15-20», Сборник утвержден и введен в действие приказом Комитета города Москвы по ценовой политике в строительстве и государственной экспертизе проектов от 25 сентября 2020 г. № МКЭ-ОД/20-50; с коэфф. пересчета на 4 квартал 2025 года, в соответствии с Приложением к приказу Москомэкспертизы от 26.12.2024г. № МКЭ-ОД/24-185
A10: № п/п | B10: Наименование и характеристика работ, расчет стоимости | C10: Обоснование стоимости, табл. | D10: Ед. измер. | E10: Кол-во | F10: Базовая стоимость, руб. | G10: Расчет стоимости | H10: Сумма в (руб.)
A12: 1 | B12: 2 | C12: 3 | D12: 4 | E12: 5 | F12: 6 | G12: 7 | H12: 8
A13: Раздел 1.
A14: 1. Объект культурного наследия федерального значения «Грузинский Некрополь - Церковь Всех Святых в селе Всехсвятском» по адресу: город Москва, САО, Ленинградский проспект, дом 73А.
A15: Здание XVIII в., объем - 5,418 тыс.м.куб.
A16: 2. Объект культурного наследия федерального значения «Грузинский Некрополь - Историческое кладбище деятелей культуры Грузии, XVII-XVIII вв.» по адресу: город Москва, САО, Ленинградский проспект, дом 73А.
A17: =CONCATENATE("Некрополь XVIII в., площадь памятника - 0,78 га, рассматриваемая территория до 0,5 га ") -> Некрополь XVIII в., площадь памятника - 0,78 га, рассматриваемая территория до 0,5 га
A18: 3. Объект культурного наследия регионального значения (ПСПИ) «Сохранившаяся территория Московского городского Братского кладбища героев Первой мировой войны - мемориального парка» по адресу: г. Москва, САО, Новопесчаная улица, дом 12.
A19: =CONCATENATE("Ландшафт XX в., площадь памятника 10,6 га, рассматриваемая территория до 0,5 га ") -> Ландшафт XX в., площадь памятника 10,6 га, рассматриваемая территория до 0,5 га
A20: Общий участок проведения работ - до 2.0 га
A21: Общая протяженность трассы - 2100 м.пог.
A22: 1 | B22: Общее описание участка проведения работ | C22: МРР-8.5-20 табл.3.1 п.1 | D22: площадь, га, (до 2 га) | E22: 1 | F22: 694 | G22: =CONCATENATE(F22,"*",E22) -> 694*1 | H22: =ROUND(F22*E22,2) -> 694
A23: 2 | B23: Краткая справка по историко-градостро- ительному развитию территории, на которой располагается участок прове- дения работ | C23: МРР-8.5-20 табл.3.1 п.2 | D23: площадь, га (до 2 га) | E23: 1 | F23: 3468 | G23: =CONCATENATE(F23,"*",E23) -> 3468*1 | H23: =ROUND(F23*E23,2) -> 3468
A24: =A23+1 -> 3 | B24: Историко-архивные и библиографиче- ские исследования
A25: 3.1 | C25: МРР-8.5-20 табл.3.1, п. 3.1 | D25: объект, век создания - XVIII в. | E25: 1 | F25: 13709 | G25: =CONCATENATE(F25,"*",E25) -> 13709*1 | H25: =ROUND(F25*E25,2)*0 -> 0
A26: 3.2 | C26: МРР-8.5-20 табл.3.1, п. 3.2 | D26: объект, век создания - XVIII в. | E26: 1 | F26: 25398 | G26: =CONCATENATE(F26,"*",E26) -> 25398*1 | H26: =ROUND(F26*E26,2)*0 -> 0
A27: 3.3 | C27: МРР-8.5-20 табл.3.1, п. 3.2 | D27: объект, век создания - после XVIII в. | E27: 1 | F27: 18952 | G27: =CONCATENATE(F27,"*",E27) -> 18952*1 | H27: =ROUND(F27*E27,2) -> 18952
A28: =A24+1 -> 4 | B28: Краткая историческая справка об объ- екте культурного наследия либо объек- тах культурного наследия
A29: 4.1 | C29: МРР-8.5-20 табл.3.1 п.4 | D29: 1 лист А4 справки по памятнику, век постройки - XVIII в. | E29: 2 | F29: 114 | G29: =CONCATENATE(F29,"*",E29) -> 114*2 | H29: =ROUND(F29*E29,2)*0 -> 0
A30: 4.2 | C30: МРР-8.5-20 табл.3.1 п.4 | D30: 1 лист А4 справки по памятнику, век создания - после XVIII в. | E30: 1 | F30: 82 | G30: =CONCATENATE(F30,"*",E30) -> 82*1 | H30: =ROUND(F30*E30,2) -> 82
A31: =A28+1 -> 5 | B31: Краткое описание объекта культурного наследия либо объектов культурного наследия, включая описание особенно- стей, являющихся основаниями для включения объекта культурного насле- дия в реестр и подлежащих обязатель- ному сохранению (предмет охраны) | C31: МРР-8.5-20 табл.3.1 п.5 | D31: 1 лист А4 справки | E31: 1 | F31: 320 | G31: =CONCATENATE(F31,"*",E31) -> 320*1 | H31: =ROUND(F31*E31,2) -> 320
A32: =A31+1 -> 6 | B32: Описание правовых режимов использо- вания земельного участка в границах территории объекта культурного насле- дия либо объектов культурного наследия | C32: МРР-8.5-20 табл.3.1 п.6 | D32: площадь, га (до 5 ти) | E32: 1 | F32: 23976 | G32: =CONCATENATE(F32,"*",E32) -> 23976*1 | H32: =ROUND(F32*E32,2) -> 23976
A33: =A32+1 -> 7 | B33: Сведения по техническому состоянию объекта культурного наследия либо объектов культурного наследия
A34: 7.1 | C34: МРР-8.5-20 табл.3.1 п.7.2 | D34: площадь (до 5 га) | E34: 1 | F34: 6883 | G34: =CONCATENATE(F34,"*",E34) -> 6883*1 | H34: =ROUND(F34*E34,2) -> 6883
A35: 7.2 | C35: МРР-8.5-20 табл.3.1 п.7.1 | D35: памятник, строительный объем (до 5 тыс. куб.м) | E35: 1 | F35: 2833 | G35: =CONCATENATE(F35,"*",E35) -> 2833*1 | H35: =ROUND(F35*E35,2) -> 2833
A36: =A33+1 -> 8 | B36: Материалы фотофиксации объекта куль- турного наследия либо объектов куль- турного наследия, участка проведения работ со схемой фотофиксации с привяз- кой точек съемки | C36: МРР-8.5-20 табл.3.1 п.8 | D36: 1 снимок (4 цветных отпечатка 9×12) | E36: 3 | F36: 51.3 | G36: =CONCATENATE(F36,"*",E36) -> 51,3*3 | H36: =ROUND(F36*E36,2) -> 153.9
A37: 9 | B37: Оценка воздействия проводимых работ на объект культурного наследия либо объекты культурного наследия. Вывод о соответствии документации по обеспе- чению сохранности объекта (объектов) культурного наследия законодательству в области государственной охраны объ- ектов культурного наследия
A38: 9.1 | C38: МРР-8.5-20 табл.3.1 п.9.2 | D38: площадь (до 5 га) | E38: 1 | F38: 14250 | G38: =CONCATENATE(F38,"*",E38) -> 14250*1 | H38: =ROUND(F38*E38,2) -> 14250
A39: 9.2 | C39: МРР-8.5-20 табл.3.1 п.9.1 | D39: памятник, строительный объем (до 5 тыс. куб.м) | E39: 1 | F39: 4701 | G39: =CONCATENATE(F39,"*",E39) -> 4701*1 | H39: =ROUND(F39*E39,2) -> 4701
A40: 10 | B40: Подготовка сведений о планируемых работах | C40: МРР-8.5-20 табл.3.2 п. 6 | D40: 1 комплект документации (протяженность свыше 1000 м.пог.) | E40: 1 | F40: 6592 | G40: =CONCATENATE(F40,"*",E40) -> 6592*1 | H40: =ROUND(F40*E40,2) -> 6592
A41: Итого по разделу 1: | H41: =SUM(H22:H40) -> 82904.9
A42: 17 | B42: Базовая стоимость проведения государственной историко-культурной экспертизы (ГИКЭ) | C42: ЗП эксперта табл.3.3 п.3 | E42: 13587 | G42: =CONCATENATE("(",E42,"+","(",E42,"*",E43,")",")","/","0,4",) -> (13587+(13587*0,1))/0,4 | H42: =(E42+(E42*E43))/E44 -> 37364.25
C43: Уровень рентабельности в организации глава 2 п.2.2. | E43: 0.1
C44: Коэффициент, учитывающий долю зарплаты в себестоимости (принимается Кз= 0,4) глава 2 п.2.2. | E44: 0.4
A45: Итого по смете: | H45: =H41+H42 -> 120269.15
A46: с коэфф. пересчета на 4 квартал 2025 года в соответствии с Приложением к приказу Москомэкспертизы от 26.12.2024г. № МКЭ-ОД/24-185 | G46: 8.015 | H46: =H45*G46*1 -> 963957.24

Sheet Согласования
K1: Приложение №1.15
K2: к ПНМЦД
B6: С М Е Т А №15 | M6: K= | N6: =РП!J28 -> 8.015 | O6: - 2-й кв-л 2025г.
B7: на получение платных согласований
B8: Реконструкция газопровода низкого давления по адресу: г. Москва , ЮЗАО, Б.Черемушкинская ул. , д. 20, к. 1-ул. Кржижановского, д. 23, к.6
B9: (наименование стадии и видов проектных и изыскательских работ) | M9: Коэффициент тендерного снижения
B10: подлежащих выполнению: | M10: K= | N10: 1
B11: Для АО "МОСГАЗ"
B12: (наименование заказчика)
B13: Смета составлена с применением Сборника 9.1 «Методика расчета стоимости проектных, научных, нормативно-методических и других видов работ (услуг) на основании нормируемых трудозатрат. МРР-9.1.02-18», утвержденного и введенного в действие приказом Москомэкспертизы от 26.12.2018 № МКЭ-ОД/18-74, с коэфф. пересчета на 4 квартал 2025 года в соответствии с Приложением к приказу Москомэкспертизы от 26.12.2024г. № МКЭ-ОД/24-185 | M13: Количество обследуемых коммуникаций
C15: Табл. 1. Расчёт коэффициента квалификации-участия | M15: N= | N15: 32 | O15: шт.
C16: № п/п | D16: Наименование должностей исполнителей | F16: Фактическое время участия исполнителя в работе, дни Тф | G16: Общая продолжитель-ность выполнения работы, дни Тобщ | H16: Численность исполнителей одной квалификации, чел. Чi | I16: Индекс квалификации непосредствен-ных исполнителей | J16: Коэффициент квалификации-участия Ккв-уч
A17: =IF(J17=0,"","+") -> + | C17: =IF(J17=0,0,1) -> 1 | D17: Начальник мастерской | F17: 1 | H17: 1 | I17: 2.25 | J17: =ROUND(IF(AND($G$29<>0,H17<>0),F17*H17*I17/$G$29,0),3) -> 0.225
A18: =IF(J18=0,"","+") | C18: =IF(J18=0,C17,C17+1) -> 1 | D18: Комплексный ГИП | I18: 2 | J18: =ROUND(IF(AND($G$29<>0,H18<>0),F18*H18*I18/$G$29,0),3) -> 0
A19: =IF(J19=0,"","+") | C19: =IF(J19=0,C18,C18+1) -> 1 | D19: Зам. начальника отдела | I19: 1.8 | J19: =ROUND(IF(AND($G$29<>0,H19<>0),F19*H19*I19/$G$29,0),3) -> 0
A20: + | C20: =IF(J20=0,C19,C19+1) -> 2 | D20: ГИП | F20: 7 | H20: 1 | I20: 1.6 | J20: =ROUND(IF(AND($G$29<>0,H20<>0),F20*H20*I20/$G$29,0),3) -> 1.12
A21: =IF(J21=0,"","+") | C21: =IF(J21=0,C20,C20+1) -> 2 | D21: Главный специалист | F21: 0 | H21: 0 | I21: 1.32 | J21: =ROUND(IF(AND($G$29<>0,H21<>0),F21*H21*I21/$G$29,0),3) -> 0
A22: =IF(J22=0,"","+") | C22: =IF(J22=0,C21,C21+1) -> 2 | D22: Руководитель группы | I22: 1.3 | J22: =ROUND(IF(AND($G$29<>0,H22<>0),F22*H22*I22/$G$29,0),3) -> 0
A23: =IF(J23=0,"","+") -> + | C23: =IF(J23=0,C22,C22+1) -> 3 | D23: Ведущий инженер | F23: 10 | H23: 1 | I23: 1 | J23: =ROUND(IF(AND($G$29<>0,H23<>0),F23*H23*I23/$G$29,0),3) -> 1
A24: =IF(J24=0,"","+") -> + | C24: =IF(J24=0,C23,C23+1) -> 4 | D24: Инж. 1-й категории | F24: 10 | H24: 1 | I24: 0.9 | J24: =ROUND(IF(AND($G$29<>0,H24<>0),F24*H24*I24/$G$29,0),3) -> 0.9
A25: =IF(J25=0,"","+") | C25: =IF(J25=0,C24,C24+1) -> 4 | D25: Инж. 2-й категории | I25: 0.75 | J25: =ROUND(IF(AND($G$29<>0,H25<>0),F25*H25*I25/$G$29,0),3) -> 0
A26: =IF(J26=0,"","+") | C26: =IF(J26=0,C25,C25+1) -> 4 | D26: Инж. 3-й категории | I26: 0.65 | J26: =ROUND(IF(AND($G$29<>0,H26<>0),F26*H26*I26/$G$29,0),3) -> 0
A27: =IF(J27=0,"","+") | C27: =IF(J27=0,C26,C26+1) -> 4 | D27: Инженер | I27: 0.6 | J27: =ROUND(IF(AND($G$29<>0,H27<>0),F27*H27*I27/$G$29,0),3) -> 0
A28: =IF(J28=0,"","+") | C28: =IF(J28=0,C27,C27+1) -> 4 | D28: Техник | I28: 0.45 | J28: =ROUND(IF(AND($G$29<>0,H28<>0),F28*H28*I28/$G$29,0),3) -> 0
A29: + | D29: ИТОГО: | G29: =MAX(F17:F28) -> 10 | H29: =SUM(H17:H28) -> 4 | J29: =IF($H$29<>0,ROUND(SUM(J17:J28)/H29,3),0) -> 0.811
A30: +
A31: + | B31: Табл. 2. Расчёт базовой цены работ
A32: + | B32: Базовая средне-месячная нормативная зарплата исполнителей, руб. ЗПср.дн. | C32: Количество рабочих дней в месяце, дни | D32: Базовая средне-дневная зарплата исполнителей, руб. | E32: Удельный вес зарплаты в себестоимости работ, % Кз | F32: Рента-бельность Р | G32: Базовая средне-дневгая единичная выработка, руб. Вср.дн. | H32: Общая продолжи-тельность выполнения работы, дни Тобщ | I32: Численность исполнителей, чел. Чп | J32: Коэффициент квалификации (участия) Ккв-уч | K32: Базовая цена, руб. Цб
A33: + | B33: 13076 | C33: 22 | D33: =ROUND(B33/C33,0) -> 594 | E33: 0.4 | F33: 0.1 | G33: =ROUND((D33*(1+F33))/E33,0) -> 1634 | H33: =G29 -> 10 | I33: =H29 -> 4 | J33: =J29 -> 0.811 | K33: =ROUND(G33*H33*I33*J33,2) -> 53006.96
A34: +
A35: + | B35: Табл. 3. Расчёт стоимости выполняемых работ в текущих ценах
A36: + | B36: №№ п.п. | C36: Характеристика предприятия, здания,сооружения или виды работ | F36: № части и глав табл., пункты указаний к разделу или главе Сборника цен на ПИР | I36: Расчет стоимости | K36: Стоимость, руб.
A37: + | B37: 1 | C37: Повышающий коэффициент инфляции | I37: =CONCATENATE(K33,"·",G38) -> 53006,96·8,015 | K37: =ROUND(K33*G38,2) -> 424850.78
A38: + | F38: К= | G38: 8.015 | H38: 4 кв. 2025
A39: + | B39: 2 | C39: Коэффициент тендерного снижения | F39: К= | G39: =N10 -> 1 | I39: =CONCATENATE(K37,"·",G39) -> 424850,78·1 | K39: =ROUND(K37*G39,2) -> 424850.78
B40: 3 | C40: НДС 20% | I40: =CONCATENATE(K39,"·",0.2) -> 424850,78·0,2 | K40: =IF(A40<>"+",0,ROUND(K39*0.2,2)) -> 0
A41: + | C41: ВСЕГО в текущих ценах: | K41: =K39+K40 -> 424850.78

Sheet Акт ГИКЭ
H1: Приложение №2.14.1
H2: к Техническому заданию №
H3: "___"_____________ ________
A5: С М Е Т А № 14.1
A6: на проведение государственной историко-культурной экспертизы (ГИКЭ) по объекту:
A7: =Сводная!A7 -> на выполнение проектно-изыскательских работ с их сопровождением при прохождении экспертизы по объекту: "Реконструкция газопровода низкого давления по адресу: г. Москва , ЮЗАО, Б.Черемушкинская ул. , д. 20, к. 1-ул. Кржижановского, д. 23, к.6"
B8: Наименование предприятия, здания, сооружения, стадии проектирования, этапа, вида проектных и изыскательских работ | D8: =Сводная!A7 -> на выполнение проектно-изыскательских работ с их сопровождением при прохождении экспертизы по объекту: "Реконструкция газопровода низкого давления по адресу: г. Москва , ЮЗАО, Б.Черемушкинская ул. , д. 20, к. 1-ул. Кржижановского, д. 23, к.6"
B11: Наименование проектной организации
B13: Наименование организации заказчика | D13: АО "МОСГАЗ"
A14: Составлена на основании Сборника 9.15 «Государственная историко-культурная экспертиза. МРР-9.15-20», Сборник утвержден и введен в действие приказом Комитета города Москвы по ценовой политике в строительстве и государственной экспертизе проектов от 25 сентября 2020 г. № МКЭ-ОД/20-50; с коэфф. пересчета на 4 квартал 2023 года, в соответствии с Приложением к приказу Москомэкспертизы от 12.12.2022 № МКЭ-ОД/22-108
A15: Сборник МРР-9.15-20
A16: № | B16: Характеристика объекта, здания, сооружения или вида работ | C16: Таблицы, примечания | D16: Базовая стоимость | E16: Расчет стоимости | F16: Стоимость, руб
A17: 1 | B17: Базовая стоимость проведения государственной историко-культурной экспертизы (ГИКЭ) | C17: ЗП эксперта табл.3.3 п.3 | D17: 13587 | E17: =CONCATENATE("(",D17,"+","(",D17,"*",D18,")",")","/","0,4",) -> (13587+(13587*0,1))/0,4 | F17: =(D17+(D17*D18))/D19 -> 37364.25
C18: Уровень рентабельности в организации глава 2 п.2.2. | D18: 0.1
C19: Коэффициент, учитывающий долю зарплаты в себестоимости (принимается Кз= 0,4) глава 2 п.2.2. | D19: 0.4
B20: ИТОГО в текущих ценах стоимость проведения государственной историко-культурной экспертизы (ГИКЭ) | C20: =#REF! -> #REF! | D20: =РП!J28 -> 8.015 | E20: =CONCATENATE(F17,"*",D20) -> 37364,25*8,015
D21: =РП!K28 -> (4 кв.2025г.) | F21: =ROUND(F17*D20,2)*0 -> 0
